 Dungeon Crawl Stone Soup version 0.29.0-4-gdea44cf6ec (webtiles) character file.

Game seed: 11700846807042399984

326005 qw the Peltast (level 21, -12/144 HPs)
             Began as a Gargoyle Fighter on Sept 8, 2022.
             Was an Elder of Okawaru.
             Killed by divine providence
             ... invoked by a daeva
              (17 damage)
             ... on level 1 of the Depths.
             The game lasted 00:23:33 (49327 turns).

qw the Peltast (Gargoyle Fighter)                  Turns: 49327, Time: 00:23:33

Health: -12/144    AC: 54    Str: 31    XL:     21   Next: 63%
Magic:  26/28      EV: 19    Int:  9    God:    Okawaru [****..]
Gold:   1548       SH: 27    Dex:  9    Spells: 20/20 levels left

rFire   + . .      SeeInvis +   c - +7 broad axe (vamp)
rCold   + + .      Faith    .   B - +0 tower shield
rNeg    + . .      Spirit   .   v - +4 plate armour "Yryit" {rC++}
rPois   inf        Reflect  +   j - +2 hat {SInv}
rElec   +          Harm     .   w - +1 cloak of Starlight {*Dazzle EV+4 Stlth--}
rCorr   .          Rampage  .   f - +2 pair of gloves
Will    ++...                   H - +1 pair of boots {Fly}
Stlth   ..........              r - amulet of reflection
HPRegen 0.34/turn               k - ring of willpower
MPRegen 0.21/turn               b - +4 ring of evasion

@: heroic, flying
A: sickness immunity, AC +16, big wings, negative energy resistance 1,
electricity resistance, torment resistance 1, petrification resistance,
iridescent scales 1, fire resistance 1
}: 2/15 runes: serpentine, barnacled
a: Renounce Religion, Heroism, Finesse


You were on level 1 of the Depths.
You worshipped Okawaru.
Okawaru was greatly pleased with you.
You visited 8 branches of the dungeon, and saw 36 of its levels.
You visited 1 bazaar.

You collected 4278 gold pieces.
You spent 2730 gold pieces at shops.


Innate Abilities, Weirdness & Mutations

You are immune to sickness and miasma.
Your stone body is resilient. (AC +16)
You are immune to poison.
Your large and strong wings let you fly.
You resist negative energy. (rN+)
You are resistant to electric shocks. (rElec)
You are resistant to unholy torment.
You are immune to petrification.
You are partially covered in iridescent scales. (AC +2)
Your flesh is heat resistant. (rF+)


   Skills:
 + Level 19.0(24.0) Fighting
 - Level 18.0(23.0) Axes
 - Level 11.0(16.0) Throwing
 - Level 18.0(23.0) Armour
 - Level 5.0(10.0) Dodging
 - Level 20.4(25.4) Shields
 - Level 10.0 Invocations


You had 20 spell levels left.
You didn't know any spells.
Your spell library was empty.

Inventory:

Hand Weapons
 c - a +7 vampiric broad axe (weapon)
 t - the +6 broad axe "Usigyl" {speed, rF+}
   (You acquired it on level 3 of the Vaults)

   Attacks with this weapon are significantly faster.
   rF:        It protects you from fire.
 E - the +7 broad axe "Ilaecwag" {speed, Int+3}
   (Okawaru gifted it to you on level 4 of the Vaults)

   Attacks with this weapon are significantly faster.
   Int:       It affects your intelligence (+3).
Missiles
 y - 25 javelins
 A - 3 silver javelins (quivered)
Armour
 f - a +2 pair of gloves (worn)
 j - a +2 hat of see invisible (worn)
 o - a +2 chain mail of fire resistance
 s - the +2 shadow dragon scales of Locsoco {Rampage rCorr Stlth++++}
   (You found it on level 13 of the Dungeon)

   rCorr:     It protects you from acid and corrosion.
   Rampage:   It bestows one free step when moving towards enemies.
   Stlth:     It makes you much more stealthy.
 v - the +4 plate armour "Yryit" (worn) {rC++}
   (You bought it in a shop on level 1 of the Orcish Mines)

   rC:        It greatly protects you from cold.
 w - the +1 cloak of Starlight (worn) {*Dazzle EV+4 Stlth--}
   (Okawaru gifted it to you on level 1 of the Snake Pit)

   It may blind those who miss an attack against the wearer in melee combat.
   EV:        It affects your evasion (+4).
   Stlth:     It makes you much less stealthy.
 x - a +2 helmet
 B - a +0 tower shield (worn)
 G - the +1 cloak of the Turtledove {Str+4}
   (Okawaru gifted it to you on level 1 of the Depths)

   Str:       It affects your strength (+4).
 H - a +1 pair of boots of flying (worn)
Jewellery
 b - a +4 ring of evasion (right hand)
 i - a ring of protection from cold
 k - a ring of willpower (left hand)
 m - a ring of fire
 r - an amulet of reflection (around neck)
 C - a ring of fire
Scrolls
 h - 21 scrolls of identify
 z - a scroll of brand weapon
 F - 3 scrolls of blinking
Potions
 a - 3 potions of cancellation
 d - 11 potions of might
 e - 2 potions of mutation
 g - 5 potions of lignification
 l - 11 potions of attraction
 n - 20 potions of curing
 p - 2 potions of resistance
 q - 11 potions of haste

Dungeon Overview and Level Annotations

Branches:
Dungeon (15/15)            Temple (1/1) D:6            Lair (5/5) D:10
 Shoals (4/4) Lair:2        Snake (4/4) Lair:2        Slime (0/5) Lair:4
    Orc (2/2) D:12            Elf (0/3) Orc:2        Vaults (4/5) D:14
  Crypt (0/3) Vaults:3     Depths (1/4) D:15

Altars:
Ashenzari
Cheibriados
Dithmenos
Elyvilon
Fedhas
Gozag
Hepliaklqana
Kikubaaqudgha
Makhleb
Nemelex Xobeh
Okawaru
Qazlal
Ru
Sif Muna
Trog
Uskayaw
Vehumet
Wu Jian
Xom
Yredelemnul
Zin
The Shining One
Jiyva

Shops:
D:1 :   D:7 *   Orc:1 [   Orc:2 (?:[(   Snake:1 :=:   Snake:3 (**

Portals:
Hell: Depths:1
Pandemonium: Depths:1
Ziggurat: Depths:1
Trove: D:13 (show abyssal rune of Zot)

Annotations:
D:4 3 runed translucent doors, qw's ghost, amateur MiBe
D:10 1 runed translucent door
Lair:5 1 transporter, qw's ghost, journeyman TrCA
Snake:1 2 transporters
Snake:3 3 runed translucent doors, qw's ghost, adept MiBe


Message History

The fire dragon is moderately wounded.
Your surroundings suddenly seem different.
You feel like a meek peon again.
You start resting.
HP restored.
There is a shaft here.
There is a gateway to Hell here.
The daeva calls down the wrath of the Shining One upon you.
The Shining One smites you!
The daeva calls down the wrath of the Shining One upon you.
The Shining One smites you!
The daeva calls down the wrath of the Shining One upon you.
The Shining One smites you!
The daeva calls down the wrath of the Shining One upon you.
The Shining One smites you!
49301 ||| INVOKING Heroism.
You gain the combat prowess of a mighty hero.
The daeva calls down the wrath of the Shining One upon you.
The Shining One smites you!
The daeva calls down the wrath of the Shining One upon you.
The Shining One smites you!
The daeva calls down the wrath of the Shining One upon you.
The Shining One smites you!
Magic restored.
The daeva calls down the wrath of the Shining One upon you.
The Shining One smites you!
The daeva calls down the wrath of the Shining One upon you.
The Shining One smites you!
The daeva calls down the wrath of the Shining One upon you.
The Shining One smites you!
The daeva calls down the wrath of the Shining One upon you.
The Shining One smites you!
You feel like a meek peon again.
The daeva calls down the wrath of the Shining One upon you.
The Shining One smites you!
49326 ||| INVOKING Heroism.
You gain the combat prowess of a mighty hero.
The daeva calls down the wrath of the Shining One upon you.
The Shining One smites you!
You die...

#####.).(.....#### #
#..##...##..### ### ##
#..##...##..#.#####...###
#...........#~..¤.¤¤_¤¤##
##...#.#...##~~..[¤¤¤¤¤##
#####.#####~~~......¤¤ #
#......).~~~~~....... #
######.~~~~~~~)...... #
#~.@.~~~~~~~##... #
#~.).~~~~~~~#
##....~~~~~~#
##..#..~~~~~# ....>#
##..###..~~~## .....
#..##A##..~## ....
#.##A\.##.## ...
#..##.##..# #.#
##..###).##########.#


You could see a daeva and an angel.

Vanquished Creatures
  Mara (Shoals:4)
  Bai Suzhen (Shoals:4)
  A lich (Depths:1)
  A walking earthen tome (Depths:1)
  Jorgrun (Shoals:1)
  4 krakens
  Polyphemus (Shoals:2)
  4 sphinxes
  A storm dragon (Depths:1)
  3 tengu reavers
  A fenstrider witch (Shoals:4)
  6 nagarajas
  Roxanne (Snake:3)
  Aizul (Snake:3)
  5 fire giants
  6 vault wardens
  3 frost giants (Depths:1)
  Louise (Shoals:1)
  2 orc warlords
  A cacodemon (Depths:1)
  12 ironbound preservers
  3 ironbound thunderhulks
  4 very ugly things
  8 stone giants
  2 vampire knights (Depths:1)
  2 eleionomae (Shoals:1)
  2 entropy weavers
  6 dire elephants
  4 ettins
  2 fire dragons (Depths:1)
  Josephine (D:13)
  4 merfolk javelineers (Shoals:4)
  8 merfolk impalers
  11 yaktaur captains
  Erolcha (D:9)
  4 great orbs of eyes
  13 vault guards
  An ice dragon (D:15)
  2 catoblepae
  5 salamander tyrants
  5 boulder beetles
  9 hydras
  3 spriggan air magi (Depths:1)
  4 rakshasas (Depths:1)
  5 centaur warriors
  7 naga warriors
  2 alligator snapping turtles
  A merfolk avatar (Lair:5)
  7 anacondas
  7 ogre magi
  7 two-headed ogres
  A deep troll shaman (Depths:1)
  12 ironbound frosthearts
  2 merfolk aquamancers
  A deep troll earth mage (D:13)
  5 satyrs
  8 death yaks
  2 tengu warriors (Depths:1)
  2 spriggan berserkers (Depths:1)
  Urug (D:13)
  2 hell knights (Depths:1)
  8 shock serpents
  4 naga sharpshooters (Snake:4)
  2 spriggans (Depths:1)
  4 salamander mystics
  A sixfirhy (D:14)
  10 naga ritualists
  17 sea snakes
  26 deep trolls
  A flayed ghost (Depths:1)
  2 glowing orange brains
  18 harpies
  17 ironbound convokers
  3 orc knights
  A necromancer (Vaults:3)
  7 wizards
  A wolf spider (D:15)
  3 phantasmal warriors
  5 deep elf pyromancers (D:12)
  4 lindwurms
  13 orc sorcerers
  24 manticores
  40 ugly things
  14 salamanders
  A mana viper (shapeshifter) (D:15)
  12 cyclopes
  22 fauns
  11 mana vipers
  14 elephants
  7 merfolk sirens
  46 black mambas
  11 vault sentinels
  9 water nymphs
  3 orange demons
  12 naga magi
  9 gargoyles
  Maurice (D:9)
  A smoke demon (D:14)
  4 guardian serpents
  3 cane toads (shapeshifter)
  27 yaktaurs
  4 rime drakes
  13 komodo dragons
  10 cane toads
  3 unseen horrors (D:12)
  Psyche (D:9)
  A kobold demonologist (D:12)
  A torpor snail (Lair:5)
  2 tengu conjurers (D:12)
  2 efreet (D:15)
  A freezing wraith (D:14)
  A yaktaur (shapeshifter) (Vaults:2)
  2 hellwings
  32 merfolk
  12 trolls
  Grinder (D:2)
  9 wind drakes
  A red devil (D:14)
  4 polar bears
  4 hornets
  7 blink frogs
  14 snapping turtles
  11 dream sheep
  A raiju (shapeshifter) (D:13)
  15 slime creatures
  A spriggan (shapeshifter) (D:12)
  8 water elementals
  A shadow (D:12)
  10 wraiths
  3 wyverns
  A ynoxinul (D:14)
  48 yaks
  2 vampires
  A golden eye (shapeshifter) (D:15)
  2 chaos spawn
  A human (D:14)
  5 basilisks
  9 redbacks
  A steam dragon (D:8)
  3 wargs (Orc:2)
  8 vampire mosquitoes
  Menkaure (D:5)
  25 nagas
  2 acid dragons
  19 water moccasins
  2 ice beasts
  A black bear (D:10)
  A sky beast (D:6)
  23 orc warriors
  7 centaurs
  10 ogres
  18 wolves
  2 phantoms
  2 kobold brigands (D:8)
  18 bullfrogs
  2 gnoll sergeants
  3 necrophages
  5 scorpions
  A water moccasin zombie (D:5)
  5 wights
  16 killer bees
  A howler monkey (D:12)
  A centaur zombie (D:5)
  6 hounds
  2 human zombies
  A jelly (D:4)
  23 orc priests
  A gnoll bouda (D:8)
  Jessica (D:3)
  4 hell rats
  A scorpion zombie (D:5)
  3 iguanas
  39 orc wizards
  2 hound zombies (D:5)
  A mummy (D:5)
  A howler monkey zombie (D:5)
  20 gnolls
  10 adders
  4 white imps
  An ufetubus (D:5)
  3 worms
  2 dart slugs
  100 orcs
  6 bats
  6 endoplasms
  8 giant cockroaches
  3 goblins
  7 hobgoblins
  18 kobolds
  5 quokkas
  9 ball pythons
  2 frilled lizards
  A kobold skeleton (D:10)
  4 rats
  12 tentacles
1378 creatures vanquished.

Vanquished Creatures (others)
  Sonja (Lair:4)
  A howler monkey (D:12)
  An orc wizard (Orc:2)
  6 demonic plants (D:14)
  46 fungi
  158 plants
  10 tentacles
223 creatures vanquished.

Grand Total: 1601 creatures vanquished

Notes
Turn   | Place    | Note
-------+----------+-------------------------------------------
     0 | D:1      | qw the Gargoyle Fighter began the quest for the Orb.
     0 | D:1      | Reached XP level 1. HP: 14/14 MP: 1/1
     0 | D:1      | 0 ||| qw: Version: 0.1-a-112-g44dc6cd
     0 | D:1      | 0 ||| qw: Game counter: 6756
     0 | D:1      | 0 ||| qw: Always use a shield: true
     0 | D:1      | 0 ||| qw: God list: Okawaru
     0 | D:1      | 0 ||| qw: Allow faded altars: false
     0 | D:1      | 0 ||| qw: Do Orc after D:15 true
     0 | D:1      | 0 ||| qw: Do second Lair branch before Depths: true
     0 | D:1      | 0 ||| qw: Lair rune preference: random
     0 | D:1      | 0 ||| qw: Plans: Normal, Zot, God:TSO, Crypt, Tomb, Zig,
                  | Orb
     0 | D:1      | 0 ||| PLANNING D:1-11
    22 | D:1      | 22 ||| Stepping ~*~*~tactically~*~*~ (stealth).
    24 | D:1      | 24 ||| Stepping ~*~*~tactically~*~*~ (stealth).
   105 | D:1      | 105 ||| Stepping ~*~*~tactically~*~*~ (stealth).
   197 | D:1      | Reached XP level 2. HP: 19/19 MP: 2/2
   220 | D:1      | Found Qifi's Book Emporium.
   659 | D:1      | Reached skill level 3 in Axes
   835 | D:1      | 835 ||| Stepping ~*~*~tactically~*~*~ (stealth).
   843 | D:1      | Reached XP level 3. HP: 23/23 MP: 3/3
  1081 | D:1      | 1081 ||| READING scroll labelled ZIL GAGHAAJO.
  1082 | D:1      | 1082 ||| READING 3 scrolls labelled WAYTERGH FUGAEF.
  1083 | D:1      | 1083 ||| READING scroll labelled AMAETWI ICSUCK.
  1084 | D:1      | 1084 ||| READING scroll labelled ODIG FOEKIZOL.
  1085 | D:1      | 1085 ||| READING 2 scrolls of identify.
  1085 | D:1      | 1085 ||| IDENTIFYING inky potion
  1300 | D:2      | 1300 ||| Stepping ~*~*~tactically~*~*~ (stealth).
  1332 | D:2      | Reached XP level 4. HP: 28/28 MP: 4/4
  1434 | D:2      | 1434 ||| Stepping ~*~*~tactically~*~*~ (stealth).
  1963 | D:2      | 1963 ||| READING scroll labelled VAV POBYROGUR.
  1964 | D:2      | 1964 ||| READING scroll labelled BEMUNIA ROCHOD.
  1965 | D:2      | 1965 ||| READING 2 scrolls labelled YXARUNW NABROT.
  1966 | D:2      | 1966 ||| READING scroll of enchant weapon.
  1966 | D:2      | 1966 ||| ENCHANTING +1 war axe.
  1967 | D:2      | 1967 ||| READING scroll labelled MEOLO AJAWEHIF.
  1970 | D:2      | 1970 ||| DRINKING 2 emerald potions.
  1971 | D:2      | 1971 ||| DRINKING 2 smoky coppery potions.
  1972 | D:2      | 1972 ||| DRINKING 2 glowing brown potions.
  1973 | D:2      | 1973 ||| DROPPING potion of invisibility.
  1974 | D:2      | 1974 ||| DROPPING potion of magic.
  1984 | D:3      | Noticed Grinder
  1986 | D:3      | 1986 ||| STAIRDANCE
  1986 | D:3      | Paralysed by Grinder for 4 turns
  1991 | D:3      | Paralysed by Grinder for 3 turns
  1995 | D:3      | 1995 ||| STAIRDANCE
  1999 | D:2      | HP: 5/28 [something (7)]
  2002 | D:2      | Killed Grinder
  2003 | D:2      | Reached skill level 6 in Axes
  2003 | D:2      | Reached XP level 5. HP: 5/32 MP: 5/5
  2003 | D:2      | Reached XP level 6. HP: 5/37 MP: 6/6
  2477 | D:3      | 2477 ||| Stepping ~*~*~tactically~*~*~ (stealth).
  2478 | D:3      | 2478 ||| DROPPING +0 mace.
  2480 | D:3      | 2480 ||| Stepping ~*~*~tactically~*~*~ (hiding).
  2808 | D:3      | Found a shadowy altar of Dithmenos.
  2862 | D:3      | Noticed Jessica
  2899 | D:3      | Found a hide-covered altar of Uskayaw.
  2982 | D:3      | 2982 ||| Stepping ~*~*~tactically~*~*~ (hiding).
  2987 | D:3      | Killed Jessica
  3041 | D:3      | 3041 ||| UPGRADING to +0 chain mail.
  3054 | D:3      | Reached skill level 1 in Dodging
  3085 | D:3      | 3085 ||| DROPPING +0 scale mail.
  3086 | D:3      | 3086 ||| UPGRADING to +0 cloak.
  3284 | D:3      | 3284 ||| UPGRADING to +0 helmet.
  3315 | D:3      | Found a stormy altar of Qazlal.
  3405 | D:3      | 3405 ||| READING scroll labelled EMAFOBOTHUR.
  3406 | D:3      | 3406 ||| READING 3 scrolls of identify.
  3406 | D:3      | 3406 ||| IDENTIFYING black potion
  3480 | D:4      | Reached XP level 7. HP: 24/43 MP: 7/7
  3763 | D:4      | 3763 ||| DROPPING +0 flail.
  3811 | D:4      | 3811 ||| Stepping ~*~*~tactically~*~*~ (stealth).
  3830 | D:4      | 3830 ||| FLEEEEING.
  3831 | D:4      | 3831 ||| Stepping ~*~*~tactically~*~*~ (stealth).
  3873 | D:4      | 3873 ||| Stepping ~*~*~tactically~*~*~ (stealth).
  3874 | D:4      | 3874 ||| Stepping ~*~*~tactically~*~*~ (stealth).
  4007 | D:4      | Found a runed translucent gate.
  4008 | D:4      | Found a runed translucent gate.
  4009 | D:4      | Found a runed translucent gate.
  4010 | D:4      | Noticed qw's ghost (amateur MiBe)
  4120 | D:4      | Found a white marble altar of Elyvilon.
  4448 | D:4      | Found a shimmering blue altar of Sif Muna.
  4786 | D:4      | 4786 ||| UPGRADING to +0 pair of gloves.
  4791 | D:4      | 4791 ||| UPGRADING to +0 plate armour.
  4801 | D:4      | 4801 ||| DROPPING +0 chain mail.
  4802 | D:4      | 4802 ||| UPGRADING to ring of willpower.
  4803 | D:4      | 4803 ||| DRINKING 2 pink potions.
  4804 | D:4      | 4804 ||| DROPPING potion of flight.
  4966 | D:5      | Entered Level 5 of the Dungeon
  4968 | D:5      | 4968 ||| STAIRDANCE
  5079 | D:5      | 5079 ||| Stepping ~*~*~tactically~*~*~ (stealth).
  5081 | D:5      | 5081 ||| Stepping ~*~*~tactically~*~*~ (hiding).
  5110 | D:5      | Reached XP level 8. HP: 23/49 MP: 8/8
  5375 | D:5      | Reached skill level 1 in Throwing
  5446 | D:5      | Noticed Menkaure
  5454 | D:5      | Killed Menkaure
  5801 | D:5      | 5801 ||| DROPPING +3 flail.
  5807 | D:5      | Reached skill level 6 in Fighting
  5808 | D:5      | Found an ancient bone altar of Kikubaaqudgha.
  5886 | D:5      | Reached XP level 9. HP: 55/55 MP: 9/9
  5993 | D:5      | 5993 ||| READING 2 scrolls labelled TUGEDW HAOMA.
  5994 | D:5      | 5994 ||| READING scroll labelled ENUCLU WUJO.
  5995 | D:5      | 5995 ||| READING scroll labelled TIBAXI XIKKAMI.
  5995 | D:5      | Identified a scroll of acquirement
  5995 | D:5      | 5995 ||| ACQUIRING +2 hat of see invisible
  5995 | D:5      | Acquired a +2 hat of see invisible
  5997 | D:5      | 5997 ||| UPGRADING to +2 hat of see invisible.
  6007 | D:5      | 6007 ||| DROPPING +0 helmet.
  6008 | D:5      | 6008 ||| READING 2 scrolls of identify.
  6008 | D:5      | 6008 ||| IDENTIFYING murky purple potion
  6009 | D:5      | 6009 ||| DROPPING scroll of noise.
  6381 | D:6      | Found a staircase to the Ecumenical Temple.
  6382 | D:6      | 6382 ||| PLANNING TEMPLE
  6382 | D:6      | 6382 ||| DRINKING 2 lumpy brown potions.
  6383 | D:6      | 6383 ||| READING 2 scrolls of identify.
  6383 | D:6      | 6383 ||| IDENTIFYING lumpy silvery potion
  6384 | D:6      | You fall into a shaft and drop 1 floor!
  6385 | D:7      | Found Beuzxaf's Assorted Antiques.
  6418 | D:7      | 6418 ||| BUYING potion of curing (90 gold).
  6418 | D:7      | Bought a potion of curing for 90 gold pieces
  6418 | D:7      | 6418 ||| SHOPLISTING runed flail (195 gold, have 193).
  6418 | D:7      | 6418 ||| SHOPLISTING scroll of enchant weapon (225 gold,
                  | have 193).
  6418 | D:7      | 6418 ||| BUYING viscous sapphire potion (27 gold).
  6418 | D:7      | Bought a viscous sapphire potion for 27 gold pieces
  6449 | D:7      | 6449 ||| Stepping ~*~*~tactically~*~*~ (hiding).
  6458 | D:7      | 6458 ||| Stepping ~*~*~tactically~*~*~ (stealth).
  6461 | D:7      | 6461 ||| Stepping ~*~*~tactically~*~*~ (stealth).
  6467 | D:7      | Reached skill level 9 in Axes
  6676 | D:7      | 6676 ||| UPGRADING to amulet of reflection.
  6681 | D:7      | 6681 ||| DRINKING 2 puce potions.
  6682 | D:7      | 6682 ||| DROPPING potion of brilliance.
  6721 | D:6      | 6721 ||| Stepping ~*~*~tactically~*~*~ (stealth).
  6725 | Temple   | Entered the Ecumenical Temple
  6829 | Temple   | Became a worshipper of Warmaster Okawaru
  6839 | Temple   | 6839 ||| PLANNING D:1-11
  6867 | D:6      | Reached skill level 4 in Shields
  6869 | D:6      | Reached skill level 6 in Armour
  6909 | D:6      | 6909 ||| Stepping ~*~*~tactically~*~*~ (stealth).
  6912 | D:6      | 6912 ||| Stepping ~*~*~tactically~*~*~ (stealth).
  6924 | D:6      | 6924 ||| Stepping ~*~*~tactically~*~*~ (stealth).
  6929 | D:6      | 6929 ||| Stepping ~*~*~tactically~*~*~ (hiding).
  7350 | D:6      | 7350 ||| DRINKING 2 orange potions.
  7351 | D:6      | 7351 ||| DROPPING potion of degeneration.
  7390 | D:7      | Reached * piety under Okawaru
  7391 | D:7      | 7391 ||| INVOKING Heroism.
  7710 | D:7      | Reached skill level 1 in Invocations
  7876 | D:7      | 7876 ||| DROPPING orb of guile.
  7877 | D:7      | 7877 ||| READING 3 scrolls of identify.
  7877 | D:7      | 7877 ||| IDENTIFYING viscous sapphire potion
  7878 | D:7      | 7878 ||| DROPPING potion of ambrosia.
  7891 | D:8      | 7891 ||| STAIRDANCE
  7932 | D:8      | 7932 ||| INVOKING Heroism.
  7934 | D:8      | 7934 ||| INVOKING Heroism.
  7999 | D:8      | 7999 ||| INVOKING Heroism.
  8007 | D:8      | Reached skill level 3 in Invocations
  8060 | D:8      | Found a snail-covered altar of Cheibriados.
  8079 | D:8      | 8079 ||| INVOKING Heroism.
  8085 | D:8      | Reached XP level 10. HP: 61/63 MP: 9/12
  8131 | D:8      | 8131 ||| INVOKING Heroism.
  8283 | D:8      | 8283 ||| READING scroll of teleportation.
  8329 | D:8      | 8329 ||| Stepping randomly (stuck).
  8437 | D:8      | 8437 ||| Stepping ~*~*~tactically~*~*~ (hiding).
  8438 | D:8      | 8438 ||| Stepping ~*~*~tactically~*~*~ (stealth).
  8439 | D:8      | 8439 ||| Stepping ~*~*~tactically~*~*~ (stealth).
  8444 | D:8      | 8444 ||| Stepping ~*~*~tactically~*~*~ (hiding).
  8445 | D:8      | 8445 ||| Stepping ~*~*~tactically~*~*~ (hiding).
  8446 | D:8      | 8446 ||| Stepping ~*~*~tactically~*~*~ (hiding).
  8447 | D:8      | 8447 ||| Stepping ~*~*~tactically~*~*~ (hiding).
  8448 | D:8      | 8448 ||| Stepping ~*~*~tactically~*~*~ (hiding).
  8449 | D:8      | 8449 ||| INVOKING Heroism.
  8651 | D:8      | 8651 ||| Stepping ~*~*~tactically~*~*~ (stealth).
  8655 | D:8      | 8655 ||| INVOKING Heroism.
  8757 | D:8      | Found a radiant altar of Vehumet.
  8786 | D:8      | 8786 ||| Stepping ~*~*~tactically~*~*~ (stealth).
  8788 | D:8      | 8788 ||| Stepping ~*~*~tactically~*~*~ (cloud).
  8790 | D:8      | 8790 ||| Stepping ~*~*~tactically~*~*~ (hiding).
  8793 | D:8      | 8793 ||| INVOKING Heroism.
  8942 | D:8      | Found a sacrificial altar of Ru.
  8947 | D:8      | 8947 ||| READING 3 scrolls of identify.
  8947 | D:8      | 8947 ||| IDENTIFYING sedimented golden potion
  8948 | D:8      | 8948 ||| READING 2 scrolls of identify.
  8948 | D:8      | 8948 ||| IDENTIFYING cyan potion
  9013 | D:9      | Found the +4 moon troll leather armour {Spirit, Regen++
                  | MP+5}
  9033 | D:9      | 9033 ||| INVOKING Heroism.
  9143 | D:9      | Found Zin's Purification Station.
  9146 | D:9      | Found a glowing silver altar of Zin.
  9149 | D:9      | 9149 ||| BUYING potion of curing (90 gold).
  9149 | D:9      | Bought a potion of curing for 90 gold pieces
  9162 | D:9      | 9162 ||| INVOKING Heroism.
  9199 | D:9      | 9199 ||| INVOKING Heroism.
  9262 | D:9      | 9262 ||| Stepping ~*~*~tactically~*~*~ (stealth).
  9265 | D:9      | 9265 ||| INVOKING Heroism.
  9268 | D:9      | Reached skill level 5 in Shields
  9270 | D:9      | Reached ** piety under Okawaru
  9282 | D:9      | 9282 ||| INVOKING Heroism.
  9430 | D:9      | Noticed Psyche
  9431 | D:9      | 9431 ||| INVOKING Heroism.
  9439 | D:9      | Killed Psyche
  9563 | D:9      | 9563 ||| Stepping ~*~*~tactically~*~*~ (stealth).
  9678 | D:9      | Noticed Erolcha
  9679 | D:9      | 9679 ||| Stepping ~*~*~tactically~*~*~ (hiding).
  9683 | D:9      | 9683 ||| INVOKING Heroism.
  9687 | D:9      | 9687 ||| Stepping ~*~*~tactically~*~*~ (hiding).
  9695 | D:9      | Noticed Maurice
  9697 | D:9      | Killed Erolcha
  9698 | D:9      | 9698 ||| Stepping ~*~*~tactically~*~*~ (hiding).
  9705 | D:9      | 9705 ||| Stepping ~*~*~tactically~*~*~ (hiding).
  9717 | D:9      | Killed Maurice
  9717 | D:9      | Reached *** piety under Okawaru
  9718 | D:9      | Reached XP level 11. HP: 69/69 MP: 14/14
  9746 | D:9      | 9746 ||| INVOKING Heroism.
  9753 | D:9      | Reached skill level 9 in Fighting
  9833 | D:9      | 9833 ||| INVOKING Heroism.
 10077 | D:9      | 10077 ||| Stepping ~*~*~tactically~*~*~ (stealth).
 10081 | D:9      | Reached **** piety under Okawaru
 10542 | D:10     | Entered Level 10 of the Dungeon
 10553 | D:10     | 10553 ||| STAIRDANCE
 10692 | D:10     | 10692 ||| INVOKING Heroism.
 10724 | D:10     | 10724 ||| INVOKING Heroism.
 10727 | D:10     | Received a gift from Okawaru
 10746 | D:10     | Found a bloodstained altar of Trog.
 10748 | D:10     | 10748 ||| INVOKING Heroism.
 10755 | D:10     | Reached skill level 12 in Axes
 10838 | D:10     | 10838 ||| Stepping ~*~*~tactically~*~*~ (hiding).
 10967 | D:10     | 10967 ||| INVOKING Heroism.
 11175 | D:10     | Found a sparkling altar of Nemelex Xobeh.
 11184 | D:10     | 11184 ||| INVOKING Heroism.
 11187 | D:10     | 11187 ||| Stepping ~*~*~tactically~*~*~ (stealth).
 11209 | D:10     | 11209 ||| Stepping ~*~*~tactically~*~*~ (stealth).
 11210 | D:10     | 11210 ||| Stepping ~*~*~tactically~*~*~ (stealth).
 11265 | D:10     | Identified the +1 ring mail of the Doomed God {rF+}
 11279 | D:10     | Found a runed translucent door.
 11281 | D:10     | Found a basalt altar of Yredelemnul.
 11291 | D:10     | Noticed a cyan ugly thing
 11296 | D:10     | Noticed a boulder beetle
 11358 | D:10     | Found a staircase to the Lair.
 11359 | D:10     | 11359 ||| INVOKING Heroism.
 11370 | D:10     | Reached skill level 6 in Invocations
 11390 | D:10     | 11390 ||| Stepping ~*~*~tactically~*~*~ (stealth).
 11562 | D:10     | 11562 ||| PLANNING LAIR
 11562 | D:10     | 11562 ||| UPGRADING to +0 kite shield.
 11572 | D:10     | 11572 ||| DROPPING +0 buckler.
 11595 | Lair:1   | Entered Level 1 of the Lair of Beasts
 11596 | Lair:1   | 11596 ||| INVOKING Heroism.
 11633 | Lair:1   | 11633 ||| READING scroll of enchant weapon.
 11633 | Lair:1   | 11633 ||| ENCHANTING +2 war axe.
 11784 | Lair:1   | Reached skill level 6 in Shields
 11820 | Lair:1   | 11820 ||| INVOKING Heroism.
 11832 | Lair:1   | Reached ***** piety under Okawaru
 11835 | Lair:1   | 11835 ||| Stepping ~*~*~tactically~*~*~ (stealth).
 11862 | Lair:1   | Reached XP level 12. HP: 55/76 MP: 17/17
 11866 | Lair:1   | 11866 ||| INVOKING Heroism.
 11868 | Lair:1   | Reached skill level 7 in Shields
 11954 | Lair:1   | 11954 ||| INVOKING Heroism.
 11962 | Lair:1   | Received a gift from Okawaru
 11982 | Lair:1   | 11982 ||| SWAPPING to +2 vampiric broad axe.
 11983 | Lair:1   | 11983 ||| DROPPING +3 war axe.
 12039 | Lair:1   | 12039 ||| INVOKING Heroism.
 12102 | Lair:1   | 12102 ||| READING scroll of enchant weapon.
 12102 | Lair:1   | 12102 ||| ENCHANTING +2 vampiric broad axe.
 12172 | Lair:1   | 12172 ||| Stepping ~*~*~tactically~*~*~ (hiding).
 12176 | Lair:1   | 12176 ||| INVOKING Heroism.
 12262 | Lair:1   | Reached skill level 8 in Shields
 12286 | Lair:1   | 12286 ||| Stepping ~*~*~tactically~*~*~ (stealth).
 12462 | Lair:1   | 12462 ||| INVOKING Heroism.
 12491 | Lair:1   | Noticed a six-headed hydra
 12491 | Lair:1   | 12491 ||| INVOKING Heroism.
 12492 | Lair:1   | 12492 ||| SWAPPING to +5 flail.
 12499 | Lair:1   | Killed a six-headed hydra
 12500 | Lair:1   | Reached skill level 9 in Invocations
 12500 | Lair:1   | 12500 ||| SWAPPING to +3 vampiric broad axe.
 12855 | Lair:1   | 12855 ||| Stepping ~*~*~tactically~*~*~ (stealth).
 12857 | Lair:1   | 12857 ||| Stepping ~*~*~tactically~*~*~ (stealth).
 12859 | Lair:1   | 12859 ||| Stepping ~*~*~tactically~*~*~ (stealth).
 12860 | Lair:1   | 12860 ||| INVOKING Heroism.
 12866 | Lair:1   | 12866 ||| Stepping ~*~*~tactically~*~*~ (stealth).
 12874 | Lair:1   | Reached skill level 9 in Shields
 12979 | Lair:2   | 12979 ||| INVOKING Heroism.
 12982 | Lair:2   | 12982 ||| STAIRDANCE
 13017 | Lair:2   | 13017 ||| STAIRDANCE
 13029 | Lair:2   | 13029 ||| STAIRDANCE
 13074 | Lair:2   | 13074 ||| Stepping ~*~*~tactically~*~*~ (hiding).
 13295 | Lair:2   | Identified the +4 morningstar of Kionarugu {spect, rN+
                  | Int-2 Dex+3}
 13297 | Lair:2   | 13297 ||| DROPPING +5 flail.
 13313 | Lair:2   | Found a staircase to the Shoals.
 13314 | Lair:2   | Noticed a death yak
 13314 | Lair:2   | Noticed a death yak
 13315 | Lair:2   | 13315 ||| Stepping ~*~*~tactically~*~*~ (stealth).
 13318 | Lair:2   | 13318 ||| INVOKING Heroism.
 13319 | Lair:2   | 13319 ||| Stepping ~*~*~tactically~*~*~ (stealth).
 13320 | Lair:2   | 13320 ||| INVOKING Finesse.
 13320 | Lair:2   | Noticed a death yak
 13321 | Lair:2   | 13321 ||| Stepping ~*~*~tactically~*~*~ (stealth).
 13330 | Lair:2   | Killed a death yak
 13333 | Lair:2   | Noticed a death yak
 13334 | Lair:2   | Killed a death yak
 13335 | Lair:2   | Reached skill level 10 in Shields
 13342 | Lair:2   | Killed a death yak
 13342 | Lair:2   | Received a gift from Okawaru
 13350 | Lair:2   | Killed a death yak
 13652 | Lair:2   | 13652 ||| Stepping ~*~*~tactically~*~*~ (stealth).
 13653 | Lair:2   | 13653 ||| Stepping ~*~*~tactically~*~*~ (stealth).
 13749 | Lair:2   | 13749 ||| Stepping ~*~*~tactically~*~*~ (stealth).
 13750 | Lair:2   | 13750 ||| Stepping ~*~*~tactically~*~*~ (stealth).
 13795 | Lair:2   | Reached XP level 13. HP: 77/81 MP: 20/20
 13824 | Lair:2   | Found a staircase to the Snake Pit.
 13857 | Lair:2   | 13857 ||| Stepping ~*~*~tactically~*~*~ (stealth).
 14096 | Lair:2   | 14096 ||| Stepping ~*~*~tactically~*~*~ (stealth).
 14424 | Lair:2   | 14424 ||| DRINKING 3 bubbling red potions.
 14529 | Lair:2   | 14529 ||| DROPPING 2 potions of berserk rage.
 14548 | Lair:3   | 14548 ||| INVOKING Heroism.
 14551 | Lair:3   | 14551 ||| STAIRDANCE
 14562 | Lair:3   | 14562 ||| STAIRDANCE
 14566 | Lair:2   | Reached skill level 9 in Armour
 14638 | Lair:3   | 14638 ||| INVOKING Heroism.
 14660 | Lair:3   | 14660 ||| Stepping ~*~*~tactically~*~*~ (stealth).
 14670 | Lair:3   | Received a gift from Okawaru
 14725 | Lair:3   | 14725 ||| INVOKING Heroism.
 14726 | Lair:3   | 14726 ||| INVOKING Finesse.
 14728 | Lair:3   | 14728 ||| SWAPPING to +4 morningstar of Kionarugu {spect,
                  | rN+ Int-2 Dex+3}.
 14734 | Lair:3   | 14734 ||| SWAPPING to +3 vampiric broad axe.
 14829 | Lair:3   | 14829 ||| INVOKING Heroism.
 14831 | Lair:3   | 14831 ||| SWAPPING to +4 morningstar of Kionarugu {spect,
                  | rN+ Int-2 Dex+3}.
 14832 | Lair:3   | 14832 ||| SWAPPING to +3 vampiric broad axe.
 14834 | Lair:3   | 14834 ||| SWAPPING to +4 morningstar of Kionarugu {spect,
                  | rN+ Int-2 Dex+3}.
 14835 | Lair:3   | 14835 ||| INVOKING Finesse.
 14839 | Lair:3   | 14839 ||| SWAPPING to +3 vampiric broad axe.
 15138 | Lair:3   | 15138 ||| INVOKING Heroism.
 15328 | Lair:3   | 15328 ||| Stepping ~*~*~tactically~*~*~ (stealth).
 15342 | Lair:3   | Reached skill level 11 in Shields
 15400 | Lair:3   | 15400 ||| DROPPING ring of magical power.
 15464 | Lair:4   | 15464 ||| Stepping ~*~*~tactically~*~*~ (stealth).
 15471 | Lair:4   | 15471 ||| Stepping ~*~*~tactically~*~*~ (stealth).
 15500 | Lair:4   | 15500 ||| INVOKING Heroism.
 15536 | Lair:4   | 15536 ||| INVOKING Heroism.
 15537 | Lair:4   | 15537 ||| INVOKING Finesse.
 15538 | Lair:4   | 15538 ||| SWAPPING to +4 morningstar of Kionarugu {spect,
                  | rN+ Int-2 Dex+3}.
 15546 | Lair:4   | 15546 ||| SWAPPING to +3 vampiric broad axe.
 15696 | Lair:4   | 15696 ||| INVOKING Heroism.
 15736 | Lair:4   | 15736 ||| INVOKING Heroism.
 15737 | Lair:4   | 15737 ||| INVOKING Finesse.
 15752 | Lair:4   | 15752 ||| INVOKING Finesse.
 15868 | Lair:4   | 15868 ||| Stepping ~*~*~tactically~*~*~ (stealth).
 15876 | Lair:4   | 15876 ||| Stepping ~*~*~tactically~*~*~ (stealth).
 15878 | Lair:4   | 15878 ||| Stepping ~*~*~tactically~*~*~ (stealth).
 15879 | Lair:4   | 15879 ||| Stepping ~*~*~tactically~*~*~ (stealth).
 15885 | Lair:4   | 15885 ||| Stepping ~*~*~tactically~*~*~ (stealth).
 15886 | Lair:4   | 15886 ||| Stepping ~*~*~tactically~*~*~ (stealth).
 15888 | Lair:4   | 15888 ||| Stepping ~*~*~tactically~*~*~ (stealth).
 15891 | Lair:4   | 15891 ||| Stepping ~*~*~tactically~*~*~ (stealth).
 15910 | Lair:4   | 15910 ||| Stepping ~*~*~tactically~*~*~ (stealth).
 15966 | Lair:4   | Noticed Sonja
 15968 | Lair:4   | 15968 ||| INVOKING Finesse.
 15994 | Lair:4   | Killed Sonja
 16056 | Lair:4   | 16056 ||| INVOKING Heroism.
 16069 | Lair:4   | Found a viscous altar of Jiyva.
 16069 | Lair:4   | Found a staircase to the Slime Pits.
 16180 | Lair:4   | 16180 ||| Stepping ~*~*~tactically~*~*~ (stealth).
 16494 | Lair:4   | 16494 ||| INVOKING Heroism.
 16576 | Lair:4   | 16576 ||| READING scroll labelled MAPTYOSOLAL.
 16612 | Lair:5   | Entered Level 5 of the Lair of Beasts
 16615 | Lair:5   | 16615 ||| STAIRDANCE
 16745 | Lair:5   | Gained mutation: Your large and strong wings let you fly.
                  | [Gargoyle growth]
 16745 | Lair:5   | Reached XP level 14. HP: 90/90 MP: 21/21
 16837 | Lair:5   | Noticed qw's ghost (journeyman TrCA)
 16843 | Lair:5   | Found a transporter.
 16908 | Lair:5   | 16908 ||| INVOKING Heroism.
 16909 | Lair:5   | 16909 ||| INVOKING Finesse.
 16911 | Lair:5   | 16911 ||| SWAPPING to +4 morningstar of Kionarugu {spect,
                  | rN+ Int-2 Dex+3}.
 16916 | Lair:5   | Reached skill level 3 in Dodging
 16916 | Lair:5   | 16916 ||| SWAPPING to +3 vampiric broad axe.
 17002 | Lair:5   | 17002 ||| INVOKING Heroism.
 17171 | Lair:5   | 17171 ||| Stepping ~*~*~tactically~*~*~ (stealth).
 17172 | Lair:5   | 17172 ||| Stepping ~*~*~tactically~*~*~ (stealth).
 17173 | Lair:5   | 17173 ||| Stepping ~*~*~tactically~*~*~ (hiding).
 17180 | Lair:5   | Received a gift from Okawaru
 17194 | Lair:5   | 17194 ||| INVOKING Heroism.
 17332 | Lair:5   | 17332 ||| FLEEEEING.
 17342 | Lair:5   | Reached skill level 12 in Shields
 17358 | Lair:5   | 17358 ||| FLEEEEING.
 17359 | Lair:5   | 17359 ||| FLEEEEING.
 17491 | Lair:5   | 17491 ||| INVOKING Heroism.
 17693 | Lair:5   | 17693 ||| Stepping ~*~*~tactically~*~*~ (stealth).
 17694 | Lair:5   | 17694 ||| Stepping ~*~*~tactically~*~*~ (hiding).
 17695 | Lair:5   | 17695 ||| Stepping ~*~*~tactically~*~*~ (hiding).
 17696 | Lair:5   | 17696 ||| Stepping ~*~*~tactically~*~*~ (hiding).
 17697 | Lair:5   | 17697 ||| INVOKING Heroism.
 17698 | Lair:5   | 17698 ||| INVOKING Finesse.
 17711 | Lair:5   | 17711 ||| Stepping ~*~*~tactically~*~*~ (hiding).
 17812 | Lair:5   | 17812 ||| FLEEEEING.
 17813 | Lair:5   | 17813 ||| FLEEEEING.
 17814 | Lair:5   | 17814 ||| FLEEEEING.
 17815 | Lair:5   | 17815 ||| INVOKING Heroism.
 18026 | Lair:5   | 18026 ||| PLANNING D:1-11
 18026 | Lair:5   | 18026 ||| UPGRADING to +2 chain mail of cold resistance.
 18348 | D:11     | 18348 ||| Stepping ~*~*~tactically~*~*~ (hiding).
 18359 | D:11     | Received a gift from Okawaru
 18360 | D:11     | Reached skill level 3 in Throwing
 18361 | D:11     | 18361 ||| INVOKING Heroism.
 18362 | D:11     | 18362 ||| INVOKING Finesse.
 18364 | D:11     | 18364 ||| SWAPPING to +4 morningstar of Kionarugu {spect,
                  | rN+ Int-2 Dex+3}.
 18370 | D:11     | 18370 ||| SWAPPING to +3 vampiric broad axe.
 18528 | D:11     | 18528 ||| Stepping ~*~*~tactically~*~*~ (hiding).
 18537 | D:11     | 18537 ||| INVOKING Heroism.
 18988 | D:11     | 18988 ||| PLANNING D
 18988 | D:11     | 18988 ||| UPGRADING to +0 pair of boots of stealth.
 18993 | D:11     | 18993 ||| DROPPING +6 ring of intelligence.
 18998 | D:12     | Found a staircase to the Orcish Mines.
 18999 | D:12     | 18999 ||| INVOKING Heroism.
 19061 | D:12     | 19061 ||| INVOKING Heroism.
 19100 | D:12     | 19100 ||| Stepping ~*~*~tactically~*~*~ (hiding).
 19103 | D:12     | 19103 ||| Stepping ~*~*~tactically~*~*~ (hiding).
 19106 | D:12     | 19106 ||| INVOKING Heroism.
 19147 | D:12     | 19147 ||| READING scroll of enchant weapon.
 19147 | D:12     | 19147 ||| ENCHANTING +3 vampiric broad axe.
 19201 | D:12     | 19201 ||| INVOKING Heroism.
 19269 | D:12     | 19269 ||| READING 2 scrolls labelled GAOMOX MAOSK.
 19278 | D:12     | Reached skill level 15 in Axes
 19353 | D:12     | 19353 ||| Stepping ~*~*~tactically~*~*~ (hiding).
 19359 | D:12     | 19359 ||| Stepping ~*~*~tactically~*~*~ (stealth).
 19367 | D:12     | 19367 ||| INVOKING Heroism.
 19403 | D:12     | 19403 ||| Stepping ~*~*~tactically~*~*~ (stealth).
 19406 | D:12     | 19406 ||| INVOKING Heroism.
 19445 | D:12     | 19445 ||| Stepping ~*~*~tactically~*~*~ (hiding).
 19447 | D:12     | 19447 ||| Stepping ~*~*~tactically~*~*~ (hiding).
 19619 | D:12     | 19619 ||| DROPPING scroll of fear.
 19620 | D:12     | 19620 ||| READING 4 scrolls of teleportation.
 19621 | D:12     | 19621 ||| FLEEEEING.
 19622 | D:12     | 19622 ||| FLEEEEING.
 19623 | D:12     | 19623 ||| FLEEEEING.
 19857 | D:12     | 19857 ||| INVOKING Heroism.
 19931 | D:12     | 19931 ||| Stepping ~*~*~tactically~*~*~ (stealth).
 19934 | D:12     | 19934 ||| Stepping ~*~*~tactically~*~*~ (stealth).
 20027 | D:12     | 20027 ||| INVOKING Heroism.
 20035 | D:12     | Reached skill level 12 in Fighting
 20035 | D:12     | 20035 ||| Stepping ~*~*~tactically~*~*~ (stealth).
 20057 | D:12     | Reached XP level 15. HP: 96/96 MP: 22/22
 20089 | D:12     | 20089 ||| INVOKING Heroism.
 20242 | D:12     | 20242 ||| INVOKING Heroism.
 20244 | D:12     | Noticed a tengu reaver
 20244 | D:12     | Noticed a sphinx
 20245 | D:12     | Noticed a tengu reaver
 20258 | D:12     | Killed a sphinx
 20258 | D:12     | HP: 18/96 [tengu reaver/bolt of acid (62)]
 20259 | D:12     | 20259 ||| READING 3 scrolls of teleportation.
 20260 | D:12     | 20260 ||| DRINKING 3 potions of heal wounds.
 20261 | D:12     | 20261 ||| DRINKING 2 potions of heal wounds.
 20297 | D:12     | 20297 ||| INVOKING Heroism.
 20299 | D:12     | Killed a tengu reaver
 20312 | D:12     | HP: 23/95 [tengu reaver/+2 great mace (4)]
 20313 | D:12     | 20313 ||| READING 2 scrolls of teleportation.
 20313 | D:12     | HP: 5/95 [tengu reaver/bolt of cold (18)]
 20314 | D:12     | 20314 ||| DRINKING potion of heal wounds.
 20689 | D:12     | 20689 ||| INVOKING Heroism.
 20715 | D:12     | Killed a tengu reaver
 20855 | D:12     | 20855 ||| Stepping ~*~*~tactically~*~*~ (hiding).
 20856 | D:12     | 20856 ||| Stepping ~*~*~tactically~*~*~ (hiding).
 20857 | D:12     | 20857 ||| Stepping ~*~*~tactically~*~*~ (hiding).
 20870 | D:12     | Received a gift from Okawaru
 20876 | D:12     | 20876 ||| FLEEEEING.
 20877 | D:12     | 20877 ||| FLEEEEING.
 20878 | D:12     | 20878 ||| FLEEEEING.
 20879 | D:12     | 20879 ||| FLEEEEING.
 20880 | D:12     | 20880 ||| FLEEEEING.
 20882 | D:12     | 20882 ||| FLEEEEING.
 20883 | D:12     | 20883 ||| FLEEEEING.
 20884 | D:12     | 20884 ||| FLEEEEING.
 20885 | D:12     | 20885 ||| FLEEEEING.
 20886 | D:12     | 20886 ||| FLEEEEING.
 20891 | D:12     | 20891 ||| FLEEEEING.
 20892 | D:12     | 20892 ||| FLEEEEING.
 20893 | D:12     | 20893 ||| FLEEEEING.
 20898 | D:12     | 20898 ||| FLEEEEING.
 20899 | D:12     | 20899 ||| FLEEEEING.
 20900 | D:12     | 20900 ||| FLEEEEING.
 20901 | D:12     | 20901 ||| FLEEEEING.
 20902 | D:12     | 20902 ||| FLEEEEING.
 20903 | D:12     | 20903 ||| FLEEEEING.
 20904 | D:12     | 20904 ||| FLEEEEING.
 20905 | D:12     | 20905 ||| FLEEEEING.
 20906 | D:12     | 20906 ||| FLEEEEING.
 20907 | D:12     | 20907 ||| FLEEEEING.
 20908 | D:12     | 20908 ||| FLEEEEING.
 20909 | D:12     | 20909 ||| FLEEEEING.
 20910 | D:12     | 20910 ||| FLEEEEING.
 20911 | D:12     | 20911 ||| FLEEEEING.
 20912 | D:12     | 20912 ||| FLEEEEING.
 20913 | D:12     | 20913 ||| FLEEEEING.
 20917 | D:12     | 20917 ||| FLEEEEING.
 20918 | D:12     | 20918 ||| FLEEEEING.
 20919 | D:12     | 20919 ||| FLEEEEING.
 20920 | D:12     | 20920 ||| FLEEEEING.
 20921 | D:12     | 20921 ||| FLEEEEING.
 20922 | D:12     | 20922 ||| FLEEEEING.
 20923 | D:12     | 20923 ||| FLEEEEING.
 20924 | D:12     | 20924 ||| FLEEEEING.
 20925 | D:12     | 20925 ||| FLEEEEING.
 20926 | D:12     | 20926 ||| FLEEEEING.
 20927 | D:12     | 20927 ||| FLEEEEING.
 20929 | D:12     | 20929 ||| FLEEEEING.
 20930 | D:12     | 20930 ||| FLEEEEING.
 20931 | D:12     | 20931 ||| FLEEEEING.
 20932 | D:12     | 20932 ||| FLEEEEING.
 20933 | D:12     | 20933 ||| FLEEEEING.
 20934 | D:12     | 20934 ||| FLEEEEING.
 20935 | D:12     | 20935 ||| FLEEEEING.
 20936 | D:12     | 20936 ||| FLEEEEING.
 20937 | D:12     | 20937 ||| FLEEEEING.
 20938 | D:12     | 20938 ||| FLEEEEING.
 20939 | D:12     | 20939 ||| FLEEEEING.
 20940 | D:12     | 20940 ||| FLEEEEING.
 20941 | D:12     | 20941 ||| FLEEEEING.
 20942 | D:12     | 20942 ||| FLEEEEING.
 20943 | D:12     | 20943 ||| FLEEEEING.
 20944 | D:12     | 20944 ||| FLEEEEING.
 20945 | D:12     | 20945 ||| FLEEEEING.
 20946 | D:12     | 20946 ||| FLEEEEING.
 20947 | D:12     | 20947 ||| FLEEEEING.
 20948 | D:12     | 20948 ||| FLEEEEING.
 20949 | D:12     | 20949 ||| FLEEEEING.
 20950 | D:12     | 20950 ||| FLEEEEING.
 20952 | D:12     | 20952 ||| FLEEEEING.
 20953 | D:12     | 20953 ||| FLEEEEING.
 20954 | D:12     | 20954 ||| FLEEEEING.
 20955 | D:12     | 20955 ||| FLEEEEING.
 20956 | D:12     | 20956 ||| FLEEEEING.
 20963 | D:12     | 20963 ||| FLEEEEING.
 20964 | D:12     | 20964 ||| FLEEEEING.
 20965 | D:12     | 20965 ||| FLEEEEING.
 20966 | D:12     | 20966 ||| FLEEEEING.
 20967 | D:12     | 20967 ||| FLEEEEING.
 20972 | D:12     | 20972 ||| FLEEEEING.
 20973 | D:12     | 20973 ||| FLEEEEING.
 20974 | D:12     | 20974 ||| FLEEEEING.
 20975 | D:12     | 20975 ||| FLEEEEING.
 20976 | D:12     | 20976 ||| FLEEEEING.
 20977 | D:12     | 20977 ||| FLEEEEING.
 20978 | D:12     | 20978 ||| FLEEEEING.
 20979 | D:12     | 20979 ||| FLEEEEING.
 20980 | D:12     | 20980 ||| FLEEEEING.
 20981 | D:12     | 20981 ||| STAIRDANCE
 21142 | D:11     | 21142 ||| UPGRADING to +0 tower shield.
 21152 | D:11     | 21152 ||| DROPPING +0 kite shield.
 21155 | D:12     | 21155 ||| Stepping ~*~*~tactically~*~*~ (hiding).
 21156 | D:12     | 21156 ||| Stepping ~*~*~tactically~*~*~ (hiding).
 21157 | D:12     | 21157 ||| Stepping ~*~*~tactically~*~*~ (hiding).
 21158 | D:12     | 21158 ||| Stepping ~*~*~tactically~*~*~ (hiding).
 21388 | D:12     | 21388 ||| UPGRADING to +4 ring of evasion.
 21607 | D:12     | Received a gift from Okawaru
 21638 | D:12     | 21638 ||| Stepping ~*~*~tactically~*~*~ (stealth).
 21639 | D:12     | 21639 ||| Stepping ~*~*~tactically~*~*~ (stealth).
 21676 | D:12     | 21676 ||| FLEEEEING.
 21680 | D:12     | 21680 ||| INVOKING Heroism.
 22068 | D:13     | 22068 ||| Stepping ~*~*~tactically~*~*~ (stealth).
 22148 | D:13     | Found a portal to a secret trove of treasure.
 22220 | D:13     | Noticed Josephine
 22221 | D:13     | 22221 ||| Stepping ~*~*~tactically~*~*~ (hiding).
 22225 | D:13     | 22225 ||| INVOKING Heroism.
 22234 | D:13     | 22234 ||| INVOKING Finesse.
 22238 | D:13     | Killed Josephine
 22239 | D:13     | Reached skill level 13 in Shields
 22288 | D:13     | Noticed a fire giant
 22289 | D:13     | 22289 ||| Stepping ~*~*~tactically~*~*~ (stealth).
 22291 | D:13     | 22291 ||| Stepping ~*~*~tactically~*~*~ (hiding).
 22295 | D:13     | 22295 ||| INVOKING Heroism.
 22296 | D:13     | 22296 ||| INVOKING Finesse.
 22303 | D:13     | Killed a fire giant
 22303 | D:13     | Received a gift from Okawaru
 22343 | D:13     | Identified the +2 shadow dragon scales of Locsoco {Rampage
                  | rCorr Stlth++++}
 22367 | D:13     | 22367 ||| Stepping ~*~*~tactically~*~*~ (stealth).
 22438 | D:13     | Noticed Urug
 22439 | D:13     | 22439 ||| Stepping ~*~*~tactically~*~*~ (stealth).
 22441 | D:13     | 22441 ||| INVOKING Heroism.
 22442 | D:13     | 22442 ||| INVOKING Finesse.
 22455 | D:13     | Killed Urug
 22846 | D:13     | 22846 ||| Stepping ~*~*~tactically~*~*~ (hiding).
 22847 | D:13     | 22847 ||| Stepping ~*~*~tactically~*~*~ (hiding).
 22856 | D:13     | 22856 ||| INVOKING Heroism.
 22860 | D:13     | Reached skill level 14 in Shields
 22911 | D:13     | 22911 ||| Stepping ~*~*~tactically~*~*~ (stealth).
 23349 | D:13     | 23349 ||| DROPPING +0 plate armour.
 23350 | D:13     | 23350 ||| UPGRADING to +2 shadow dragon scales of Locsoco
                  | {Rampage rCorr Stlth++++}.
 23360 | D:13     | 23360 ||| DROPPING +2 chain mail of cold resistance.
 23469 | D:12     | 23469 ||| INVOKING Heroism.
 23470 | D:12     | 23470 ||| INVOKING Finesse.
 23477 | D:12     | 23477 ||| SWAPPING to +4 morningstar of Kionarugu {spect,
                  | rN+ Int-2 Dex+3}.
 23481 | D:12     | 23481 ||| SWAPPING to +4 vampiric broad axe.
 23610 | D:12     | 23610 ||| Stepping ~*~*~tactically~*~*~ (stealth).
 23612 | D:12     | 23612 ||| Stepping ~*~*~tactically~*~*~ (stealth).
 23614 | D:12     | 23614 ||| Stepping ~*~*~tactically~*~*~ (stealth).
 23616 | D:12     | 23616 ||| Stepping ~*~*~tactically~*~*~ (stealth).
 23618 | D:12     | 23618 ||| Stepping ~*~*~tactically~*~*~ (stealth).
 23620 | D:12     | 23620 ||| Stepping ~*~*~tactically~*~*~ (stealth).
 23622 | D:12     | 23622 ||| Stepping ~*~*~tactically~*~*~ (hiding).
 23636 | D:12     | 23636 ||| Stepping ~*~*~tactically~*~*~ (stealth).
 23638 | D:12     | 23638 ||| Stepping ~*~*~tactically~*~*~ (stealth).
 23640 | D:12     | 23640 ||| Stepping ~*~*~tactically~*~*~ (stealth).
 23642 | D:12     | 23642 ||| Stepping ~*~*~tactically~*~*~ (stealth).
 23643 | D:12     | 23643 ||| Stepping ~*~*~tactically~*~*~ (stealth).
 23644 | D:12     | 23644 ||| Stepping ~*~*~tactically~*~*~ (stealth).
 23761 | D:14     | 23761 ||| Stepping ~*~*~tactically~*~*~ (stealth).
 23763 | D:14     | 23763 ||| Stepping ~*~*~tactically~*~*~ (stealth).
 23769 | D:14     | 23769 ||| Stepping ~*~*~tactically~*~*~ (stealth).
 23777 | D:14     | 23777 ||| STAIRDANCE
 23889 | D:14     | 23889 ||| INVOKING Heroism.
 23897 | D:14     | Reached skill level 15 in Shields
 23949 | D:14     | 23949 ||| Stepping ~*~*~tactically~*~*~ (hiding).
 24051 | D:14     | 24051 ||| INVOKING Heroism.
 24053 | D:14     | Received a gift from Okawaru
 24175 | D:14     | Found a gate to the Vaults.
 24176 | D:14     | 24176 ||| Stepping ~*~*~tactically~*~*~ (stealth).
 24177 | D:14     | 24177 ||| Stepping ~*~*~tactically~*~*~ (stealth).
 24180 | D:14     | 24180 ||| Stepping ~*~*~tactically~*~*~ (stealth).
 24306 | D:14     | 24306 ||| Stepping ~*~*~tactically~*~*~ (stealth).
 24308 | D:14     | 24308 ||| Stepping ~*~*~tactically~*~*~ (stealth).
 24310 | D:14     | 24310 ||| Stepping ~*~*~tactically~*~*~ (stealth).
 24330 | D:14     | Reached XP level 16. HP: 89/101 MP: 23/23
 24415 | D:14     | 24415 ||| Stepping ~*~*~tactically~*~*~ (stealth).
 24418 | D:14     | 24418 ||| Stepping ~*~*~tactically~*~*~ (stealth).
 24421 | D:14     | 24421 ||| Stepping ~*~*~tactically~*~*~ (stealth).
 24437 | D:14     | 24437 ||| INVOKING Heroism.
 24438 | D:14     | 24438 ||| Stepping ~*~*~tactically~*~*~ (stealth).
 24447 | D:14     | Reached skill level 16 in Shields
 24470 | D:14     | Received a gift from Okawaru
 24655 | D:14     | 24655 ||| Stepping ~*~*~tactically~*~*~ (stealth).
 24688 | D:14     | 24688 ||| Stepping ~*~*~tactically~*~*~ (cloud).
 24829 | D:14     | 24829 ||| Stepping ~*~*~tactically~*~*~ (hiding).
 24931 | D:14     | 24931 ||| Stepping ~*~*~tactically~*~*~ (hiding).
 25033 | D:14     | 25033 ||| Stepping ~*~*~tactically~*~*~ (hiding).
 25135 | D:14     | 25135 ||| Stepping ~*~*~tactically~*~*~ (hiding).
 25505 | D:15     | Entered Level 15 of the Dungeon
 25525 | D:15     | Found an opulent altar of Gozag.
 25614 | D:15     | 25614 ||| INVOKING Heroism.
 25996 | D:15     | 25996 ||| Stepping ~*~*~tactically~*~*~ (stealth).
 26000 | D:15     | 26000 ||| Stepping ~*~*~tactically~*~*~ (stealth).
 26001 | D:15     | 26001 ||| Stepping ~*~*~tactically~*~*~ (stealth).
 26003 | D:15     | 26003 ||| Stepping ~*~*~tactically~*~*~ (hiding).
 26074 | D:15     | Identified the +11 rapier of the Common Good {vorpal, Int+3
                  | Dex+7}
 26075 | D:15     | 26075 ||| Stepping ~*~*~tactically~*~*~ (stealth).
 26114 | D:15     | 26114 ||| READING scroll of enchant armour.
 26114 | D:15     | 26114 ||| ENCHANTING +0 pair of gloves.
 26272 | D:15     | 26272 ||| Stepping ~*~*~tactically~*~*~ (stealth).
 26273 | D:15     | 26273 ||| Stepping ~*~*~tactically~*~*~ (stealth).
 26274 | D:15     | 26274 ||| Stepping ~*~*~tactically~*~*~ (stealth).
 26325 | D:15     | 26325 ||| Stepping ~*~*~tactically~*~*~ (hiding).
 26437 | D:15     | Identified the +1 plate armour of Keraef {Dex+3} (Okawaru
                  | gifted it to you on level 15 of the Dungeon)
 26437 | D:15     | Received a gift from Okawaru
 26557 | D:15     | 26557 ||| INVOKING Heroism.
 26616 | D:15     | 26616 ||| Stepping ~*~*~tactically~*~*~ (hiding).
 26718 | D:15     | 26718 ||| Stepping ~*~*~tactically~*~*~ (hiding).
 26908 | D:15     | 26908 ||| Stepping ~*~*~tactically~*~*~ (stealth).
 26910 | D:15     | 26910 ||| INVOKING Heroism.
 26911 | D:15     | 26911 ||| SWAPPING to +4 morningstar of Kionarugu {spect,
                  | rN+ Int-2 Dex+3}.
 26912 | D:15     | 26912 ||| INVOKING Finesse.
 26916 | D:15     | 26916 ||| SWAPPING to +4 vampiric broad axe.
 27056 | D:15     | 27056 ||| INVOKING Heroism.
 27057 | D:15     | 27057 ||| INVOKING Finesse.
 27061 | D:15     | 27061 ||| Stepping ~*~*~tactically~*~*~ (stealth).
 27062 | D:15     | 27062 ||| Stepping ~*~*~tactically~*~*~ (stealth).
 27063 | D:15     | 27063 ||| Stepping ~*~*~tactically~*~*~ (stealth).
 27073 | D:15     | 27073 ||| SWAPPING to +4 morningstar of Kionarugu {spect,
                  | rN+ Int-2 Dex+3}.
 27091 | D:15     | 27091 ||| SWAPPING to +4 vampiric broad axe.
 27112 | D:15     | Found a staircase to the Depths.
 27149 | D:15     | 27149 ||| PLANNING ORC
 27149 | D:15     | 27149 ||| DROPPING +1 plate armour of Keraef {Dex+3}.
 27248 | Orc:1    | Entered Level 1 of the Orcish Mines
 27248 | Orc:1    | Found Fazxolil's Armour Shoppe.
 27284 | Orc:1    | 27284 ||| BUYING +4 plate armour "Yryit" {rC++} (1080
                  | gold).
 27284 | Orc:1    | Bought the +4 plate armour "Yryit" {rC++} for 1080 gold
                  | pieces
 27294 | Orc:1    | 27294 ||| INVOKING Heroism.
 27306 | Orc:1    | Paralysed by an orc sorcerer for 2 turns
 27329 | Orc:1    | 27329 ||| Stepping ~*~*~tactically~*~*~ (hiding).
 27343 | Orc:1    | 27343 ||| Stepping ~*~*~tactically~*~*~ (stealth).
 27345 | Orc:1    | 27345 ||| Stepping ~*~*~tactically~*~*~ (hiding).
 27347 | Orc:1    | 27347 ||| INVOKING Heroism.
 27351 | Orc:1    | 27351 ||| Stepping ~*~*~tactically~*~*~ (hiding).
 27663 | Orc:1    | 27663 ||| UPGRADING to +4 plate armour "Yryit" {rC++}.
 27708 | Orc:2    | Entered Level 2 of the Orcish Mines
 27709 | Orc:2    | 27709 ||| INVOKING Heroism.
 27710 | Orc:2    | 27710 ||| STAIRDANCE
 27730 | Orc:2    | 27730 ||| STAIRDANCE
 27737 | Orc:2    | 27737 ||| STAIRDANCE
 27739 | Orc:1    | 27739 ||| INVOKING Heroism.
 27740 | Orc:1    | 27740 ||| INVOKING Finesse.
 27770 | Orc:2    | 27770 ||| STAIRDANCE
 27777 | Orc:2    | 27777 ||| STAIRDANCE
 27785 | Orc:2    | 27785 ||| STAIRDANCE
 27796 | Orc:2    | 27796 ||| STAIRDANCE
 27804 | Orc:2    | 27804 ||| INVOKING Heroism.
 27811 | Orc:2    | Reached skill level 17 in Shields
 27818 | Orc:2    | 27818 ||| STAIRDANCE
 27824 | Orc:2    | 27824 ||| STAIRDANCE
 27851 | Orc:2    | Found Asis's Weapon Shop.
 27914 | Orc:2    | 27914 ||| INVOKING Heroism.
 27915 | Orc:2    | 27915 ||| INVOKING Finesse.
 27917 | Orc:2    | 27917 ||| Stepping ~*~*~tactically~*~*~ (hiding).
 27985 | Orc:2    | Found a staircase to the Elven Halls.
 28090 | Orc:2    | 28090 ||| Stepping ~*~*~tactically~*~*~ (stealth).
 28091 | Orc:2    | 28091 ||| INVOKING Heroism.
 28109 | Orc:2    | 28109 ||| Stepping ~*~*~tactically~*~*~ (hiding).
 28124 | Orc:2    | 28124 ||| Stepping ~*~*~tactically~*~*~ (hiding).
 28139 | Orc:2    | Reached skill level 12 in Armour
 28139 | Orc:2    | Found Weorar's Book Shoppe.
 28176 | Orc:2    | Found an ancient bone altar of Kikubaaqudgha.
 28177 | Orc:2    | 28177 ||| INVOKING Heroism.
 28208 | Orc:2    | 28208 ||| INVOKING Heroism.
 28221 | Orc:2    | 28221 ||| Stepping ~*~*~tactically~*~*~ (stealth).
 28289 | Orc:2    | 28289 ||| Stepping ~*~*~tactically~*~*~ (stealth).
 28301 | Orc:2    | 28301 ||| Stepping ~*~*~tactically~*~*~ (hiding).
 28302 | Orc:2    | 28302 ||| Stepping ~*~*~tactically~*~*~ (hiding).
 28306 | Orc:2    | 28306 ||| INVOKING Heroism.
 28321 | Orc:2    | 28321 ||| Stepping ~*~*~tactically~*~*~ (hiding).
 28323 | Orc:2    | 28323 ||| Stepping ~*~*~tactically~*~*~ (hiding).
 28325 | Orc:2    | 28325 ||| Stepping ~*~*~tactically~*~*~ (hiding).
 28326 | Orc:2    | 28326 ||| Stepping ~*~*~tactically~*~*~ (hiding).
 28327 | Orc:2    | 28327 ||| Stepping ~*~*~tactically~*~*~ (hiding).
 28402 | Orc:2    | Found Adijaeph's Antique Weapon Emporium.
 28417 | Orc:2    | Found Uczisapt's Magic Scroll Shoppe.
 28425 | Orc:2    | 28425 ||| BUYING scroll of teleportation (45 gold).
 28425 | Orc:2    | Bought a scroll of teleportation for 45 gold pieces
 28425 | Orc:2    | 28425 ||| BUYING scroll of teleportation (45 gold).
 28425 | Orc:2    | Bought a scroll of teleportation for 45 gold pieces
 28433 | Orc:2    | Found a radiant altar of Vehumet.
 28449 | Orc:2    | 28449 ||| Stepping ~*~*~tactically~*~*~ (hiding).
 28450 | Orc:2    | 28450 ||| Stepping ~*~*~tactically~*~*~ (hiding).
 28469 | Orc:2    | Found Vostrakhlu's Antique Armour Emporium.
 28479 | Orc:2    | 28479 ||| BUYING runed hat (175 gold).
 28479 | Orc:2    | Bought a runed hat for 175 gold pieces
 28479 | Orc:2    | 28479 ||| BUYING runed plate armour (650 gold).
 28479 | Orc:2    | Bought a runed plate armour for 650 gold pieces
 28536 | Orc:2    | 28536 ||| DROPPING +2 hat of willpower.
 28537 | Orc:2    | 28537 ||| DROPPING +2 plate armour of positive energy.
 28590 | Orc:1    | 28590 ||| INVOKING Heroism.
 28752 | Orc:1    | 28752 ||| PLANNING SHOALS:1-3
 28944 | Shoals:1 | Entered Level 1 of the Shoals
 28966 | Shoals:1 | 28966 ||| Stepping ~*~*~tactically~*~*~ (hiding).
 28972 | Shoals:1 | Noticed Jorgrun
 28973 | Shoals:1 | 28973 ||| INVOKING Heroism.
 28984 | Shoals:1 | Killed Jorgrun
 28999 | Shoals:1 | 28999 ||| Stepping ~*~*~tactically~*~*~ (hiding).
 29000 | Shoals:1 | 29000 ||| Stepping ~*~*~tactically~*~*~ (hiding).
 29050 | Shoals:1 | 29050 ||| INVOKING Heroism.
 29259 | Shoals:1 | Noticed Louise
 29260 | Shoals:1 | 29260 ||| INVOKING Heroism.
 29274 | Shoals:1 | Killed Louise
 29303 | Shoals:1 | 29303 ||| Stepping ~*~*~tactically~*~*~ (hiding).
 29317 | Shoals:1 | 29317 ||| INVOKING Heroism.
 29319 | Shoals:1 | Reached XP level 17. HP: 106/106 MP: 21/24
 29332 | Shoals:1 | Received a gift from Okawaru
 29335 | Shoals:1 | 29335 ||| INVOKING Heroism.
 29409 | Shoals:1 | 29409 ||| INVOKING Heroism.
 29572 | Shoals:1 | 29572 ||| INVOKING Heroism.
 29647 | Shoals:1 | 29647 ||| INVOKING Heroism.
 29760 | Shoals:1 | 29760 ||| INVOKING Heroism.
 29857 | Shoals:1 | Noticed a kraken
 29858 | Shoals:1 | 29858 ||| INVOKING Heroism.
 29866 | Shoals:1 | Killed a kraken
 29867 | Shoals:1 | Reached skill level 6 in Throwing
 30219 | Shoals:2 | 30219 ||| READING scroll of enchant armour.
 30219 | Shoals:2 | 30219 ||| ENCHANTING +1 pair of gloves.
 30249 | Shoals:2 | 30249 ||| INVOKING Heroism.
 30258 | Shoals:2 | Received a gift from Okawaru
 30282 | Shoals:2 | 30282 ||| Stepping ~*~*~tactically~*~*~ (stealth).
 30284 | Shoals:2 | 30284 ||| Stepping ~*~*~tactically~*~*~ (hiding).
 30301 | Shoals:2 | 30301 ||| INVOKING Heroism.
 30344 | Shoals:2 | Received a gift from Okawaru
 30472 | Shoals:2 | 30472 ||| Stepping ~*~*~tactically~*~*~ (stealth).
 30474 | Shoals:2 | 30474 ||| Stepping ~*~*~tactically~*~*~ (stealth).
 30477 | Shoals:2 | 30477 ||| Stepping ~*~*~tactically~*~*~ (stealth).
 30482 | Shoals:2 | Noticed Polyphemus
 30483 | Shoals:2 | 30483 ||| INVOKING Heroism.
 30497 | Shoals:2 | Killed Polyphemus
 30732 | Shoals:2 | Noticed a kraken
 30733 | Shoals:2 | 30733 ||| INVOKING Heroism.
 30742 | Shoals:2 | Killed a kraken
 30981 | Shoals:3 | 30981 ||| PLANNING BAZAAR
 31027 | Shoals:3 | Found a flickering gateway to a bazaar.
 31050 | Bazaar   | Entered a bazaar
 31057 | Bazaar   | Found Ocot's Antique Armour Shop.
 31065 | Bazaar   | 31065 ||| BUYING pair of embroidered boots (165 gold).
 31065 | Bazaar   | Bought a pair of embroidered boots for 165 gold pieces
 31071 | Bazaar   | Found Cayhim's Distillery.
 31079 | Bazaar   | 31079 ||| BUYING potion of cancellation (88 gold).
 31079 | Bazaar   | Bought a potion of cancellation for 88 gold pieces
 31079 | Bazaar   | 31079 ||| BUYING potion of haste (110 gold).
 31079 | Bazaar   | Bought a potion of haste for 110 gold pieces
 31079 | Bazaar   | 31079 ||| BUYING potion of lignification (33 gold).
 31079 | Bazaar   | Bought a potion of lignification for 33 gold pieces
 31079 | Bazaar   | 31079 ||| BUYING potion of might (44 gold).
 31079 | Bazaar   | Bought a potion of might for 44 gold pieces
 31079 | Bazaar   | 31079 ||| BUYING potion of mutation (88 gold).
 31079 | Bazaar   | Bought a potion of mutation for 88 gold pieces
 31085 | Bazaar   | Found Atiudgh's Armour Shop.
 31113 | Bazaar   | Found Ciwn's Antique Weapon Shop.
 31127 | Bazaar   | Found Pobenouh's Weapon Boutique.
 31141 | Bazaar   | Found Luhudergh's Magic Scroll Shop.
 31162 | Bazaar   | 31162 ||| UPGRADING to +1 pair of boots of flying.
 31172 | Bazaar   | 31172 ||| DROPPING +0 pair of boots of stealth.
 31176 | Shoals:3 | 31176 ||| PLANNING SHOALS:1-3
 31190 | Shoals:3 | 31190 ||| READING scroll of enchant weapon.
 31190 | Shoals:3 | 31190 ||| ENCHANTING +4 vampiric broad axe.
 31303 | Shoals:3 | 31303 ||| INVOKING Heroism.
 31383 | Shoals:3 | 31383 ||| INVOKING Heroism.
 31435 | Shoals:3 | Received a gift from Okawaru
 31445 | Shoals:3 | 31445 ||| INVOKING Heroism.
 31608 | Shoals:3 | 31608 ||| INVOKING Heroism.
 31620 | Shoals:3 | Reached skill level 18 in Axes
 31644 | Shoals:3 | Received a gift from Okawaru
 31828 | Shoals:3 | 31828 ||| INVOKING Heroism.
 31999 | Shoals:3 | 31999 ||| PLANNING SNAKE:1-3
 32094 | Snake:1  | Entered Level 1 of the Snake Pit
 32095 | Snake:1  | 32095 ||| INVOKING Heroism.
 32155 | Snake:1  | 32155 ||| Stepping ~*~*~tactically~*~*~ (hiding).
 32174 | Snake:1  | 32174 ||| Stepping ~*~*~tactically~*~*~ (hiding).
 32197 | Snake:1  | Reached XP level 18. HP: 114/114 MP: 25/25
 32201 | Snake:1  | 32201 ||| DROPPING +4 morningstar of Kionarugu {spect, rN+
                  | Int-2 Dex+3}.
 32255 | Snake:1  | Received a gift from Okawaru
 32266 | Snake:1  | 32266 ||| INVOKING Heroism.
 32339 | Snake:1  | 32339 ||| Stepping ~*~*~tactically~*~*~ (stealth).
 32341 | Snake:1  | 32341 ||| INVOKING Heroism.
 32371 | Snake:1  | 32371 ||| Stepping ~*~*~tactically~*~*~ (stealth).
 32378 | Snake:1  | Received a gift from Okawaru
 32378 | Snake:1  | Found the +1 cloak of Starlight {*Dazzle EV+4 Stlth--}
 32495 | Snake:1  | 32495 ||| Stepping ~*~*~tactically~*~*~ (hiding).
 32498 | Snake:1  | 32498 ||| Stepping ~*~*~tactically~*~*~ (hiding).
 32711 | Snake:1  | Found a transporter.
 32716 | Snake:1  | 32716 ||| UPGRADING to +1 cloak of Starlight {*Dazzle EV+4
                  | Stlth--}.
 32728 | Snake:1  | 32728 ||| UPGRADING to +0 cloak.
 32733 | Snake:1  | 32733 ||| UPGRADING to +1 cloak of Starlight {*Dazzle EV+4
                  | Stlth--}.
 32743 | Snake:1  | 32743 ||| DROPPING +0 cloak.
 32745 | Snake:1  | 32745 ||| Stepping ~*~*~tactically~*~*~ (hiding).
 32747 | Snake:1  | 32747 ||| Stepping ~*~*~tactically~*~*~ (hiding).
 32768 | Snake:1  | 32768 ||| Stepping ~*~*~tactically~*~*~ (hiding).
 32841 | Snake:1  | Found Aggitila's Book Boutique.
 32848 | Snake:1  | Found Fayff's Jewellery Shoppe.
 32849 | Snake:1  | Found Ibeh Elu's Book Boutique.
 32857 | Snake:1  | 32857 ||| SHOPLISTING ring of resist corrosion (360 gold,
                  | have 222).
 32899 | Snake:1  | 32899 ||| Stepping ~*~*~tactically~*~*~ (stealth).
 32931 | Snake:1  | Identified the amulet of Dumn {Acrobat Harm Slay+4}
 32937 | Snake:1  | Found a transporter.
 33269 | Snake:2  | 33269 ||| Stepping ~*~*~tactically~*~*~ (hiding).
 33356 | Snake:2  | Reached skill level 18 in Shields
 33575 | Snake:2  | 33575 ||| FLEEEEING.
 33576 | Snake:2  | 33576 ||| FLEEEEING.
 33577 | Snake:2  | 33577 ||| FLEEEEING.
 33578 | Snake:2  | 33578 ||| FLEEEEING.
 33586 | Snake:2  | 33586 ||| FLEEEEING.
 33587 | Snake:2  | 33587 ||| FLEEEEING.
 33588 | Snake:2  | 33588 ||| FLEEEEING.
 33589 | Snake:2  | 33589 ||| FLEEEEING.
 33590 | Snake:2  | 33590 ||| FLEEEEING.
 33591 | Snake:2  | 33591 ||| FLEEEEING.
 33592 | Snake:2  | 33592 ||| FLEEEEING.
 33593 | Snake:2  | 33593 ||| FLEEEEING.
 33594 | Snake:2  | 33594 ||| FLEEEEING.
 33595 | Snake:2  | 33595 ||| FLEEEEING.
 33596 | Snake:2  | 33596 ||| FLEEEEING.
 33609 | Snake:2  | 33609 ||| Stepping ~*~*~tactically~*~*~ (hiding).
 33610 | Snake:2  | 33610 ||| INVOKING Heroism.
 33650 | Snake:2  | 33650 ||| Stepping ~*~*~tactically~*~*~ (stealth).
 33913 | Snake:2  | 33913 ||| Stepping ~*~*~tactically~*~*~ (stealth).
 33915 | Snake:2  | 33915 ||| Stepping ~*~*~tactically~*~*~ (stealth).
 33917 | Snake:2  | 33917 ||| Stepping ~*~*~tactically~*~*~ (hiding).
 34115 | Snake:2  | 34115 ||| Stepping ~*~*~tactically~*~*~ (hiding).
 34395 | Snake:3  | 34395 ||| STAIRDANCE
 34402 | Snake:2  | 34402 ||| INVOKING Heroism.
 34552 | Snake:3  | 34552 ||| INVOKING Heroism.
 34645 | Snake:3  | 34645 ||| Stepping ~*~*~tactically~*~*~ (stealth).
 34647 | Snake:3  | 34647 ||| Stepping ~*~*~tactically~*~*~ (hiding).
 34656 | Snake:3  | 34656 ||| INVOKING Heroism.
 34701 | Snake:3  | Found a runed translucent gate.
 34701 | Snake:3  | Noticed Aizul
 34702 | Snake:3  | 34702 ||| INVOKING Finesse.
 34724 | Snake:3  | Found a runed translucent gate.
 34724 | Snake:3  | Found an opulent altar of Gozag.
 34724 | Snake:3  | Noticed qw's ghost (adept MiBe)
 34725 | Snake:3  | 34725 ||| INVOKING Heroism.
 34726 | Snake:3  | Found a runed translucent gate.
 34726 | Snake:3  | Found Ystopida's Assorted Antiques.
 34726 | Snake:3  | Found Aseamm's Assorted Antiques.
 34734 | Snake:3  | Killed Aizul
 34774 | Snake:3  | Found Xexe's Weapon Emporium.
 34776 | Snake:3  | 34776 ||| Stepping ~*~*~tactically~*~*~ (hiding).
 34812 | Snake:3  | Noticed Roxanne
 34813 | Snake:3  | 34813 ||| INVOKING Heroism.
 34814 | Snake:3  | 34814 ||| INVOKING Finesse.
 34833 | Snake:3  | Killed Roxanne
 35028 | Snake:3  | Reached skill level 15 in Fighting
 35183 | Snake:3  | 35183 ||| Stepping ~*~*~tactically~*~*~ (hiding).
 35201 | Snake:3  | 35201 ||| Stepping ~*~*~tactically~*~*~ (hiding).
 35529 | Snake:4  | Entered Level 4 of the Snake Pit
 35553 | Snake:4  | 35553 ||| Stepping ~*~*~tactically~*~*~ (stealth).
 35559 | Snake:4  | 35559 ||| Stepping ~*~*~tactically~*~*~ (stealth).
 35563 | Snake:4  | 35563 ||| INVOKING Heroism.
 36120 | Snake:4  | 36120 ||| Stepping ~*~*~tactically~*~*~ (hiding).
 36130 | Snake:4  | 36130 ||| Stepping ~*~*~tactically~*~*~ (hiding).
 36131 | Snake:4  | 36131 ||| Stepping ~*~*~tactically~*~*~ (hiding).
 36132 | Snake:4  | 36132 ||| Stepping ~*~*~tactically~*~*~ (hiding).
 36154 | Snake:4  | 36154 ||| Stepping ~*~*~tactically~*~*~ (hiding).
 36387 | Snake:4  | 36387 ||| Stepping ~*~*~tactically~*~*~ (hiding).
 36388 | Snake:4  | 36388 ||| Stepping ~*~*~tactically~*~*~ (hiding).
 36391 | Snake:4  | 36391 ||| Stepping ~*~*~tactically~*~*~ (hiding).
 36392 | Snake:4  | 36392 ||| Stepping ~*~*~tactically~*~*~ (hiding).
 36397 | Snake:4  | 36397 ||| INVOKING Heroism.
 36404 | Snake:4  | Received a gift from Okawaru
 36484 | Snake:4  | 36484 ||| Stepping ~*~*~tactically~*~*~ (hiding).
 36547 | Snake:4  | 36547 ||| INVOKING Heroism.
 36583 | Snake:4  | 36583 ||| Stepping ~*~*~tactically~*~*~ (hiding).
 36620 | Snake:4  | 36620 ||| Stepping ~*~*~tactically~*~*~ (hiding).
 36624 | Snake:4  | 36624 ||| INVOKING Heroism.
 36643 | Snake:4  | Received a gift from Okawaru
 36670 | Snake:4  | Received a gift from Okawaru
 36671 | Snake:4  | 36671 ||| INVOKING Heroism.
 36692 | Snake:4  | 36692 ||| INVOKING Heroism.
 36707 | Snake:4  | Reached XP level 19. HP: 124/124 MP: 26/26
 36726 | Snake:4  | 36726 ||| Stepping ~*~*~tactically~*~*~ (hiding).
 36736 | Snake:4  | 36736 ||| INVOKING Heroism.
 36753 | Snake:4  | Reached skill level 9 in Throwing
 36800 | Snake:4  | 36800 ||| INVOKING Heroism.
 36808 | Snake:4  | Received a gift from Okawaru
 36883 | Snake:4  | Got a serpentine rune of Zot
 37169 | Snake:4  | 37169 ||| Stepping ~*~*~tactically~*~*~ (stealth).
 37170 | Snake:4  | 37170 ||| Stepping ~*~*~tactically~*~*~ (stealth).
 37417 | Snake:3  | 37417 ||| PLANNING SHOALS:4
 37595 | Shoals:4 | Entered Level 4 of the Shoals
 37596 | Shoals:4 | 37596 ||| INVOKING Heroism.
 37650 | Shoals:4 | 37650 ||| Stepping ~*~*~tactically~*~*~ (hiding).
 37656 | Shoals:4 | 37656 ||| Stepping ~*~*~tactically~*~*~ (hiding).
 37663 | Shoals:4 | 37663 ||| INVOKING Heroism.
 37670 | Shoals:4 | Received a gift from Okawaru
 37791 | Shoals:4 | 37791 ||| Stepping ~*~*~tactically~*~*~ (hiding).
 37792 | Shoals:4 | 37792 ||| Stepping ~*~*~tactically~*~*~ (hiding).
 37795 | Shoals:4 | 37795 ||| Stepping ~*~*~tactically~*~*~ (hiding).
 37797 | Shoals:4 | 37797 ||| INVOKING Heroism.
 37822 | Shoals:4 | 37822 ||| Stepping ~*~*~tactically~*~*~ (hiding).
 37842 | Shoals:4 | 37842 ||| Stepping ~*~*~tactically~*~*~ (stealth).
 37892 | Shoals:4 | 37892 ||| Stepping ~*~*~tactically~*~*~ (hiding).
 38002 | Shoals:4 | 38002 ||| INVOKING Heroism.
 38026 | Shoals:4 | 38026 ||| Stepping ~*~*~tactically~*~*~ (hiding).
 38170 | Shoals:4 | 38170 ||| Stepping ~*~*~tactically~*~*~ (stealth).
 38172 | Shoals:4 | 38172 ||| Stepping ~*~*~tactically~*~*~ (hiding).
 38178 | Shoals:4 | 38178 ||| INVOKING Heroism.
 38179 | Shoals:4 | 38179 ||| INVOKING Finesse.
 38194 | Shoals:4 | 38194 ||| Stepping ~*~*~tactically~*~*~ (hiding).
 38252 | Shoals:4 | 38252 ||| INVOKING Heroism.
 38288 | Shoals:4 | Got a barnacled rune of Zot
 38331 | Shoals:4 | 38331 ||| INVOKING Heroism.
 38352 | Shoals:4 | Noticed Mara
 38353 | Shoals:4 | 38353 ||| INVOKING Finesse.
 38359 | Shoals:4 | Identified the +6 executioner's axe "Jelly's Doom"
                  | {antimagic, rN+ Str+2 Dex-5} (Okawaru gifted it to you on
                  | level 4 of the Shoals)
 38359 | Shoals:4 | Received a gift from Okawaru
 38361 | Shoals:4 | 38361 ||| INVOKING Heroism.
 38365 | Shoals:4 | Noticed qw's illusion
 38394 | Shoals:4 | Noticed qw's illusion
 38396 | Shoals:4 | 38396 ||| INVOKING Heroism.
 38435 | Shoals:4 | Noticed qw's illusion
 38437 | Shoals:4 | 38437 ||| INVOKING Finesse.
 38441 | Shoals:4 | Killed Mara
 38524 | Shoals:4 | 38524 ||| INVOKING Heroism.
 38645 | Shoals:4 | 38645 ||| Stepping ~*~*~tactically~*~*~ (hiding).
 38661 | Shoals:4 | 38661 ||| Stepping ~*~*~tactically~*~*~ (hiding).
 38663 | Shoals:4 | 38663 ||| INVOKING Heroism.
 38770 | Shoals:4 | Noticed Bai Suzhen
 38774 | Shoals:4 | 38774 ||| INVOKING Heroism.
 38775 | Shoals:4 | 38775 ||| INVOKING Finesse.
 38803 | Shoals:4 | HP: 31/125 [eight-headed hydra[Bai Suzhen] (9)]
 38804 | Shoals:4 | 38804 ||| READING 11 scrolls of teleportation.
 38804 | Shoals:4 | HP: 13/125 [eight-headed hydra[Bai Suzhen] (11)]
 38805 | Shoals:4 | 38805 ||| DRINKING 5 potions of heal wounds.
 38806 | Shoals:4 | 38806 ||| DRINKING 4 potions of heal wounds.
 38969 | Shoals:4 | Reached skill level 15 in Armour
 38971 | Shoals:4 | 38971 ||| Stepping ~*~*~tactically~*~*~ (hiding).
 39089 | Shoals:4 | 39089 ||| INVOKING Heroism.
 39090 | Shoals:4 | 39090 ||| INVOKING Finesse.
 39091 | Shoals:4 | 39091 ||| INVOKING Finesse.
 39101 | Shoals:4 | Killed Bai Suzhen
 39102 | Shoals:4 | Reached skill level 19 in Shields
 39185 | Shoals:4 | 39185 ||| PLANNING VAULTS:1-4
 39185 | Shoals:4 | 39185 ||| DROPPING 20 boomerangs.
 39186 | Shoals:4 | 39186 ||| DROPPING 2 boomerangs of dispersal.
 39187 | Shoals:4 | 39187 ||| DROPPING 4 silver boomerangs.
 39509 | Vaults:1 | Entered Level 1 of the Vaults
 39595 | Vaults:1 | 39595 ||| INVOKING Heroism.
 39631 | Vaults:1 | 39631 ||| Stepping ~*~*~tactically~*~*~ (hiding).
 39672 | Vaults:1 | 39672 ||| INVOKING Heroism.
 39699 | Vaults:1 | Received a gift from Okawaru
 39867 | Vaults:1 | 39867 ||| Stepping ~*~*~tactically~*~*~ (stealth).
 39873 | Vaults:1 | 39873 ||| INVOKING Heroism.
 39975 | Vaults:1 | 39975 ||| INVOKING Heroism.
 39989 | Vaults:1 | Identified the +5 hand axe of the Nine Ultimatums {flame,
                  | Int+4} (Okawaru gifted it to you on level 1 of the Vaults)
 39989 | Vaults:1 | Received a gift from Okawaru
 39990 | Vaults:1 | Paralysed by a sphinx for 5 turns
 40001 | Vaults:1 | HP: 29/127 [ironbound frostheart/creeping frost (10)]
 40002 | Vaults:1 | 40002 ||| READING 10 scrolls of teleportation.
 40003 | Vaults:1 | 40003 ||| DRINKING 3 potions of heal wounds.
 40004 | Vaults:1 | 40004 ||| INVOKING Heroism.
 40047 | Vaults:1 | 40047 ||| Stepping ~*~*~tactically~*~*~ (hiding).
 40091 | Vaults:1 | 40091 ||| Stepping ~*~*~tactically~*~*~ (hiding).
 40092 | Vaults:1 | 40092 ||| Stepping ~*~*~tactically~*~*~ (hiding).
 40096 | Vaults:1 | 40096 ||| INVOKING Heroism.
 40521 | Vaults:1 | 40521 ||| Stepping ~*~*~tactically~*~*~ (stealth).
 40522 | Vaults:1 | 40522 ||| Stepping ~*~*~tactically~*~*~ (stealth).
 40524 | Vaults:1 | 40524 ||| Stepping ~*~*~tactically~*~*~ (hiding).
 40566 | Vaults:1 | Reached XP level 20. HP: 131/134 MP: 27/27
 41165 | Vaults:2 | 41165 ||| Stepping ~*~*~tactically~*~*~ (hiding).
 41173 | Vaults:2 | 41173 ||| Stepping ~*~*~tactically~*~*~ (stealth).
 41198 | Vaults:2 | Received a gift from Okawaru
 41258 | Vaults:2 | 41258 ||| Stepping ~*~*~tactically~*~*~ (stealth).
 41277 | Vaults:2 | 41277 ||| Stepping ~*~*~tactically~*~*~ (stealth).
 41337 | Vaults:2 | 41337 ||| INVOKING Heroism.
 41384 | Vaults:2 | 41384 ||| INVOKING Heroism.
 41402 | Vaults:2 | Identified the +5 hand axe "Ratzeny" {flame, rN+ Str+2
                  | Int+3 Dex+4} (Okawaru gifted it to you on level 2 of the
                  | Vaults)
 41402 | Vaults:2 | Received a gift from Okawaru
 41410 | Vaults:2 | 41410 ||| Stepping ~*~*~tactically~*~*~ (hiding).
 41412 | Vaults:2 | 41412 ||| Stepping ~*~*~tactically~*~*~ (hiding).
 41427 | Vaults:2 | 41427 ||| Stepping ~*~*~tactically~*~*~ (stealth).
 41516 | Vaults:2 | 41516 ||| INVOKING Heroism.
 41519 | Vaults:2 | 41519 ||| Stepping ~*~*~tactically~*~*~ (stealth).
 41531 | Vaults:2 | 41531 ||| Stepping ~*~*~tactically~*~*~ (stealth).
 41745 | Vaults:2 | You are sucked into a shaft and drop 1 floor!
 41752 | Vaults:3 | 41752 ||| Stepping ~*~*~tactically~*~*~ (stealth).
 41754 | Vaults:3 | Identified the +6 dagger "Edolowirgh" {speed, rPois rC-
                  | rN+++}
 41757 | Vaults:3 | 41757 ||| Stepping ~*~*~tactically~*~*~ (hiding).
 41818 | Vaults:3 | 41818 ||| Stepping ~*~*~tactically~*~*~ (hiding).
 41821 | Vaults:3 | 41821 ||| INVOKING Heroism.
 41870 | Vaults:3 | 41870 ||| READING scroll labelled XUINTO QYMI.
 41938 | Vaults:3 | 41938 ||| FLEEEEING.
 41940 | Vaults:3 | 41940 ||| STAIRDANCE
 42186 | Vaults:2 | 42186 ||| Stepping ~*~*~tactically~*~*~ (stealth).
 42223 | Vaults:2 | 42223 ||| READING scroll of enchant weapon.
 42223 | Vaults:2 | 42223 ||| ENCHANTING +5 vampiric broad axe.
 42301 | Vaults:2 | Reached skill level 18 in Fighting
 42565 | Vaults:2 | 42565 ||| Stepping ~*~*~tactically~*~*~ (hiding).
 42584 | Vaults:2 | Received a gift from Okawaru
 42648 | Vaults:2 | 42648 ||| DROPPING ring of ice.
 42790 | Vaults:3 | 42790 ||| INVOKING Heroism.
 42888 | Vaults:3 | 42888 ||| READING scroll of acquirement.
 42888 | Vaults:3 | 42888 ||| ACQUIRING +6 broad axe "Usigyl" {speed, rF+}
 42888 | Vaults:3 | Acquired the +6 broad axe "Usigyl" {speed, rF+}
 42914 | Vaults:3 | 42914 ||| INVOKING Heroism.
 42979 | Vaults:3 | 42979 ||| Stepping ~*~*~tactically~*~*~ (hiding).
 42980 | Vaults:3 | 42980 ||| Stepping ~*~*~tactically~*~*~ (hiding).
 42981 | Vaults:3 | 42981 ||| Stepping ~*~*~tactically~*~*~ (hiding).
 42982 | Vaults:3 | 42982 ||| INVOKING Heroism.
 43001 | Vaults:3 | 43001 ||| INVOKING Finesse.
 43171 | Vaults:3 | Identified the +7 long sword of Viorghew {spect, rN+ Dex+4}
 43534 | Vaults:3 | 43534 ||| READING scroll of enchant weapon.
 43534 | Vaults:3 | 43534 ||| ENCHANTING +6 vampiric broad axe.
 43543 | Vaults:3 | Found a staircase to the Crypt.
 43543 | Vaults:3 | Found an ancient bone altar of Kikubaaqudgha.
 43543 | Vaults:3 | Found a basalt altar of Yredelemnul.
 43765 | Vaults:4 | Received a gift from Okawaru
 43791 | Vaults:4 | 43791 ||| INVOKING Finesse.
 43993 | Vaults:4 | 43993 ||| INVOKING Heroism.
 44030 | Vaults:4 | 44030 ||| Stepping ~*~*~tactically~*~*~ (hiding).
 44031 | Vaults:4 | 44031 ||| Stepping ~*~*~tactically~*~*~ (hiding).
 44072 | Vaults:4 | Identified the +1 robe of Batroif {rElec Dex+2 SInv}
 44107 | Vaults:4 | 44107 ||| Stepping ~*~*~tactically~*~*~ (hiding).
 44121 | Vaults:4 | 44121 ||| Stepping ~*~*~tactically~*~*~ (stealth).
 44141 | Vaults:4 | 44141 ||| INVOKING Heroism.
 44146 | Vaults:4 | Identified the +7 broad axe "Ilaecwag" {speed, Int+3}
                  | (Okawaru gifted it to you on level 4 of the Vaults)
 44146 | Vaults:4 | Received a gift from Okawaru
 44187 | Vaults:4 | Reached skill level 20 in Shields
 44188 | Vaults:4 | 44188 ||| Stepping ~*~*~tactically~*~*~ (stealth).
 44194 | Vaults:4 | 44194 ||| INVOKING Heroism.
 44196 | Vaults:4 | 44196 ||| Stepping ~*~*~tactically~*~*~ (hiding).
 44319 | Vaults:4 | 44319 ||| INVOKING Heroism.
 44323 | Vaults:4 | Reached XP level 21. HP: 142/142 MP: 25/28
 44500 | Vaults:4 | 44500 ||| Stepping ~*~*~tactically~*~*~ (stealth).
 44953 | Vaults:4 | 44953 ||| PLANNING DEPTHS
 44953 | Vaults:4 | 44953 ||| READING scroll labelled LIGRAPR ZOTHRY.
 45167 | Depths:1 | Entered Level 1 of the Depths
 45207 | Depths:1 | 45207 ||| INVOKING Heroism.
 45218 | Depths:1 | 45218 ||| INVOKING Finesse.
 45292 | Depths:1 | 45292 ||| Stepping ~*~*~tactically~*~*~ (hiding).
 45293 | Depths:1 | Found a gateway to Hell.
 45301 | Depths:1 | 45301 ||| INVOKING Heroism.
 45302 | Depths:1 | 45302 ||| INVOKING Finesse.
 45489 | Depths:1 | 45489 ||| Stepping ~*~*~tactically~*~*~ (hiding).
 45490 | Depths:1 | 45490 ||| Stepping ~*~*~tactically~*~*~ (hiding).
 45491 | Depths:1 | 45491 ||| INVOKING Heroism.
 45492 | Depths:1 | 45492 ||| INVOKING Finesse.
 45501 | Depths:1 | Identified the +1 cloak of the Turtledove {Str+4} (Okawaru
                  | gifted it to you on level 1 of the Depths)
 45501 | Depths:1 | Received a gift from Okawaru
 45513 | Depths:1 | 45513 ||| Stepping ~*~*~tactically~*~*~ (hiding).
 45514 | Depths:1 | 45514 ||| Stepping ~*~*~tactically~*~*~ (hiding).
 45775 | Depths:1 | 45775 ||| INVOKING Heroism.
 45776 | Depths:1 | 45776 ||| INVOKING Finesse.
 45804 | Depths:1 | 45804 ||| Stepping ~*~*~tactically~*~*~ (hiding).
 45813 | Depths:1 | 45813 ||| INVOKING Heroism.
 45911 | Depths:1 | 45911 ||| Stepping ~*~*~tactically~*~*~ (hiding).
 45922 | Depths:1 | Reached skill level 18 in Armour
 45926 | Depths:1 | 45926 ||| INVOKING Heroism.
 45927 | Depths:1 | 45927 ||| INVOKING Finesse.
 45944 | Depths:1 | 45944 ||| Stepping ~*~*~tactically~*~*~ (hiding).
 45980 | Depths:1 | 45980 ||| Stepping ~*~*~tactically~*~*~ (hiding).
 45985 | Depths:1 | Found the +11 plutonium sword {Contam Stlth-}
 46004 | Depths:1 | 46004 ||| Stepping ~*~*~tactically~*~*~ (hiding).
 46126 | Depths:1 | 46126 ||| Stepping ~*~*~tactically~*~*~ (hiding).
 46128 | Depths:1 | 46128 ||| Stepping ~*~*~tactically~*~*~ (hiding).
 46203 | Depths:1 | 46203 ||| Stepping ~*~*~tactically~*~*~ (hiding).
 46213 | Depths:1 | 46213 ||| INVOKING Heroism.
 46214 | Depths:1 | 46214 ||| INVOKING Finesse.
 46227 | Depths:1 | Found a one-way gateway to a ziggurat.
 46247 | Depths:1 | 46247 ||| INVOKING Heroism.
 46269 | Depths:1 | HP: 34/144 [daeva/divine providence (14)]
 46270 | Depths:1 | 46270 ||| READING 10 scrolls of teleportation.
 46271 | Depths:1 | 46271 ||| DRINKING 2 potions of heal wounds.
 46272 | Depths:1 | 46272 ||| DRINKING potion of heal wounds.
 46275 | Depths:1 | Found a shadowy altar of Dithmenos.
 46296 | Depths:1 | 46296 ||| INVOKING Heroism.
 46300 | Depths:1 | HP: 29/144 [daeva/divine providence (11)]
 46301 | Depths:1 | 46301 ||| READING 9 scrolls of teleportation.
 46303 | Depths:1 | HP: 10/144 [daeva/divine providence (11)]
 46731 | Depths:1 | 46731 ||| INVOKING Heroism.
 46744 | Depths:1 | HP: 26/144 [daeva/divine providence (13)]
 46745 | Depths:1 | 46745 ||| READING 8 scrolls of teleportation.
 47126 | Depths:1 | 47126 ||| INVOKING Heroism.
 47151 | Depths:1 | HP: 34/144 [daeva/divine providence (8)]
 47152 | Depths:1 | 47152 ||| READING 7 scrolls of teleportation.
 47154 | Depths:1 | HP: 12/144 [daeva/divine providence (11)]
 47583 | Depths:1 | 47583 ||| INVOKING Heroism.
 47599 | Depths:1 | 47599 ||| INVOKING Heroism.
 47608 | Depths:1 | HP: 34/144 [daeva/divine providence (10)]
 47609 | Depths:1 | 47609 ||| READING 6 scrolls of teleportation.
 47614 | Depths:1 | 47614 ||| READING 5 scrolls of teleportation.
 47884 | Depths:1 | 47884 ||| Stepping ~*~*~tactically~*~*~ (stealth).
 47885 | Depths:1 | 47885 ||| Stepping ~*~*~tactically~*~*~ (stealth).
 47947 | Depths:1 | Found a hide-covered altar of Uskayaw.
 47963 | Depths:1 | 47963 ||| INVOKING Heroism.
 47979 | Depths:1 | Gained mutation: You are occasionally teleported next to
                  | monsters. [a cacodemon]
 47985 | Depths:1 | 47985 ||| DRINKING 3 potions of mutation.
 47985 | Depths:1 | Lost mutation: You are occasionally teleported next to
                  | monsters. [potion of mutation]
 47985 | Depths:1 | Gained mutation: You are partially covered in iridescent
                  | scales. (AC +2) [potion of mutation]
 47985 | Depths:1 | Gained mutation: Your flesh is heat resistant. (rF+)
                  | [potion of mutation]
 47992 | Depths:1 | Found a one-way gate leading to the halls of Pandemonium.
 48064 | Depths:1 | 48064 ||| INVOKING Heroism.
 48086 | Depths:1 | HP: 29/144 [daeva/divine providence (11)]
 48087 | Depths:1 | 48087 ||| READING 4 scrolls of teleportation.
 48113 | Depths:1 | 48113 ||| Stepping ~*~*~tactically~*~*~ (stealth).
 48114 | Depths:1 | 48114 ||| Stepping ~*~*~tactically~*~*~ (stealth).
 48133 | Depths:1 | 48133 ||| Stepping ~*~*~tactically~*~*~ (stealth).
 48134 | Depths:1 | 48134 ||| INVOKING Heroism.
 48136 | Depths:1 | 48136 ||| INVOKING Finesse.
 48504 | Depths:1 | 48504 ||| INVOKING Heroism.
 48517 | Depths:1 | HP: 27/144 [daeva/divine providence (14)]
 48518 | Depths:1 | 48518 ||| READING 3 scrolls of teleportation.
 48883 | Depths:1 | 48883 ||| INVOKING Heroism.
 48897 | Depths:1 | HP: 31/144 [daeva/divine providence (10)]
 48898 | Depths:1 | 48898 ||| READING 2 scrolls of teleportation.
 48923 | Depths:1 | 48923 ||| Stepping ~*~*~tactically~*~*~ (stealth).
 48924 | Depths:1 | 48924 ||| Stepping ~*~*~tactically~*~*~ (stealth).
 48925 | Depths:1 | 48925 ||| Stepping ~*~*~tactically~*~*~ (stealth).
 48930 | Depths:1 | 48930 ||| READING scroll of teleportation.
 49301 | Depths:1 | 49301 ||| INVOKING Heroism.
 49320 | Depths:1 | HP: 25/144 [daeva/divine providence (15)]
 49325 | Depths:1 | HP: 5/144 [daeva/divine providence (11)]
 49326 | Depths:1 | 49326 ||| INVOKING Heroism.
 49327 | Depths:1 | Killed from afar by a daeva

Levels and vault maps discovered:
D:1:      zelgadis_glass_arrival_small, layout_basic, serial_shops,
          nicolae_shop_waterfront, minmay_tetromino_o4
D:2:      wad_crossroads, layout_basic
D:3:      minmay_skewed_foursquare, layout_rooms,
          nicolae_overflow_crystal_walls, nicolae_qazlal_eye_of_the_storm,
          nicolae_overflow_hidden_temple, serial_co_window_serial,
          co_window_corner_a, co_window_of_opportunity_a, co_window_paths_a,
          co_window_corner_a, co_window_paths_b, co_window_of_opportunity_a,
          co_window_corner_a, co_window_unsneaky_path_e, co_window_corner_ca,
          co_window_2corner, co_window_paths_e, glass_columns_c,
          glass_columns_a, glass_columns_a, uniq_grinder, uniq_jessica
D:4:      layout_basic, led_sif_book, mainiacjoe_overflow_alcove_1,
          gammafunk_ghost_nasty_kobolds, minmay_vboxes
D:5:      layout_cave_pools, lemuel_mausoleum_altar_kikubaaqudgha, uniq_menkaure
D:6:      layout_loops_ring, minmay_temple_entry_wispy, minmay_misc_feat_tiny
D:7:      layout_rooms, serial_shops, shop
D:8:      layout_gridville, kennysheep_mini_moat, cheibriados_altar_1,
          mainiacjoe_overflow_alcove_2, serial_glass, glass_columns_a,
          glass_columns_a, glass_columns_b, glass_columns_c, glass_columns_b,
          glass_columns_a
D:9:      layout_basic, zin_purify, minmay_misc_feat_hallway,
          chequers_arboretum, uniq_maurice, uniq_erolcha, uniq_psyche
D:10:     layout_loops_ring, dk_yredelemnul_ordeal, general_overflow_altar,
          trog_ov_bears_minmay, grunt_lair_entry_orc_guard_hut,
          onia_ninara_dug_in_and_dangerous
D:11:     layout_stronghold, chequers_garden, minmay_splitting_lines
D:12:     minmay_nested_s, layout_cave_pods, david_orc_5, special_room
          [special_room_orc], serial_glass, glass_columns_a, glass_columns_c,
          glass_columns_b, glass_columns_c, glass_columns_b,
          minmay_strange_pillars, due_unseen_surprise
D:13:     minmay_textured_paths, layout_basic, enter_trove_6, minivault_11,
          uniq_urug, uniq_josephine
D:14:     layout_loops_ring, grunt_vaults_entry_fortified, serial_demonic,
          serial_demonic_c, serial_demonic_c, serial_demonic_e, serial_demonic_a
D:15:     hangedman_depths_entry_try_elsewhere_first, layout_stronghold,
          grunt_gozag_statues, nicolae_eternal_life
Temple:   nicolae_temple_figure_zero
Lair:1:   layout_cave_pods, beast_lair_carwin_6
Lair:2:   layout_small_grid, elwin_shoals_entry_rocks,
          minmay_snake_entry_six_corridors, grunt_megastairs_3,
          serial_bayou_shore_b
Lair:3:   layout_gridlike, st_stairs_12
Lair:4:   layout_regular_city, slime_entry_1, uniq_sonja
Lair:5:   gammafunk_lair_ancient_temple, layout_regular_city,
          gammafunk_ghost_hive, chequers_serial_rivers_micro_c
Shoals:1: layout_shoals, nicolae_shoals_enchanted_isle, uniq_louise,
          uniq_jorgrun
Shoals:2: cheibrodos_shoals_epimethial_gifts, layout_shoals, uniq_polyphemus
Shoals:3: layout_shoals, serial_shops, bzr_entry_customers
Shoals:4: shoals_end_hangedman, layout_shoals,
          nicolae_shoals_beach_house_on_fowls_legs, uniq_mara, uniq_bai_suzhen
Snake:1:  gammafunk_sealed_arena, layout_onion, minmay_shop_grove
Snake:2:  layout_basic, nicolae_snake_biting_tails
Snake:3:  layout_honeycomb, serial_shops, nicolae_take_the_stairs,
          ebering_ghost_gozag, uniq_aizul, uniq_roxanne
Snake:4:  johnstein_snake_rune_scales, layout_chambers, st_stairs_8
Orc:1:    layout_diamond_mine, serial_shops, shop
Orc:2:    kennysheep_orc_mage_school, layout_caves, serial_shops,
          nicolae_shop_stone
Vaults:1: nicolae_vaults_network_quinsquares
          [nicolae_vaults_network_quincunx_subvault,
          nicolae_vaults_network_quincunx_subvault,
          nicolae_vaults_network_quincunx_subvault,
          nicolae_vaults_network_quincunx_subvault], v_misc_31,
          vaults_room_ringed_pool, vaults_room_guarded_vault,
          nicolae_vaults_little_squares_3, vaults_room_corners,
          vaults_dpeg_emergency_exit, layout_vaults_omnigrid
Vaults:2: v_misc_18, st_cross, ontoclasm_vaults_claustrophobia,
          nicolae_vaults_little_ls, v_misc_12, hangedman_vaults_corner,
          nicolae_vaults_big_angled_halls, vaults_room_hallway, v_misc_12,
          vaults_standard_mumra_x, hangedman_vaults_nails,
          layout_vaults_big_room
Vaults:3: nicolae_vaults_theta, dpeg_vaults_monster_box,
          nicolae_vaults_network_barrier, minmay_crypt_entry_necro_gods,
          nicolae_vaults_what_the_h, v_alt_pattern_5, v_alt_pattern_2,
          vaults_dpeg_hooks, nicolae_vaults_sealed_display, vaults_dpeg_ring,
          vaults_room_pool, vaults_room_pool, vaults_dpeg_encased_lava,
          layout_vaults_omnibox
Vaults:4: nicolae_vaults_mini_display_case, vaults_dpeg_doors,
          vaults_dpeg_cross, vaults_dpeg_spiral, grunt_vaults_diagonal,
          nicolae_vaults_theta, v_misc_23, nicolae_vaults_little_squares_5,
          ontoclasm_vaults_hangar, v_misc_12, hangedman_vaults_trim,
          hangedman_vaults_slice, layout_vaults_big_cross
Depths:1: hangedman_cross_veins, layout_basic, enter_ziggurat_c,
          pf_vacation_house_of_asmodeus, grunt_dithmenos_smoke,
          rand_demon_pan_entry_5, minmay_holes, drop_trap, grunt_decor_fettered,
          hangedman_abyss_or_decor_stabs, nicolae_uskayaw_suspiria

Skill      XL: |  1  2  3  4  5  6  7  8  9 10 11 12 13 14 15 16 17 18 19 20 21 |
---------------+----------------------------------------------------------------+-----
Axes           | 2 3 6 7 8 9 11 12 14 15 16 18 | 18.0
Fighting       | 4 5 6 7 8 9 11 12 13 15 17 18 19 | 19.0
Dodging        | 1 2 3 4 5 |  5.0
Armour         | 4 5 6 7 8 9 10 12 14 16 17 18 | 18.0
Throwing       | 1 5 7 8 9 10 11 | 11.0
Shields        | 4 5 6 10 11 12 15 17 18 19 20 | 20.4
Invocations    | 3 4 7 10 | 10.0

Action                   |  1- 3 |  4- 6 |  7- 9 | 10-12 | 13-15 | 16-18 | 19-21 || total
-------------------------+-------+-------+-------+-------+-------+-------+-------++-------
Melee: War axe           |   106 |   116 |   350 |   392 |       |       |       ||   964
       Broad axe         |       |       |       |   217 |  1204 |  1638 |  1487 ||  4546
       Flail             |       |       |       |     7 |       |       |       ||     7
       Morningstar       |       |       |       |       |    19 |    18 |       ||    37
Throw: Boomerang         |    11 |    48 |    55 |       |    20 |     5 |       ||   139
       Javelin           |       |       |       |       |    61 |    85 |    90 ||   236
Invok: Heroism           |       |       |     4 |    30 |    39 |    50 |    52 ||   175
       Finesse           |       |       |       |     1 |    13 |     6 |    14 ||    34
  Use: Scroll            |     5 |     7 |     6 |     5 |     6 |     3 |    17 ||    49
       Potion            |       |     3 |     4 |       |     4 |       |     6 ||    17
 Stab: Distracted        |       |       |       |       |     2 |       |       ||     2
       Sleeping          |       |       |       |       |     3 |     1 |       ||     4
       Petrified         |       |       |       |       |       |     4 |       ||     4
       Invisible         |       |       |       |       |       |    11 |    29 ||    40
Armor: Scale mail        |    86 |    36 |       |       |       |       |       ||   122
       Chain mail        |       |     2 |    23 |       |   206 |       |       ||   231
       Plate armour      |       |       |   192 |   223 |   244 |   380 |   416 ||  1455
       Shadow dragon sca |       |       |       |       |    41 |    47 |       ||    88
Dodge: Dodged            |    52 |    54 |    92 |   131 |   275 |   417 |   433 ||  1454
Block: Buckler           |    23 |    16 |    72 |   151 |       |       |       ||   262
       Reflection        |       |       |       |     3 |    32 |   128 |    62 ||   225
       Kite shield       |       |       |       |   200 |   658 |       |       ||   858
       Tower shield      |       |       |       |       |   316 |  1663 |  1287 ||  3266

Table legend:
 A = Non-vault XP
 B = Vault XP
 C = Vault XP percentage of total XP
 D = Non-vault monster count
 E = Vault monster count
 F = Vault count percentage of total count
                 A         B        C        D         E       F
            +---------+---------+-------+---------+---------+-------
      Total |  301370 |  256144 |  45.9 |     864 |     504 |  36.8
            +---------+---------+-------+---------+---------+-------
        D:1 |      40 |       4 |   9.1 |      21 |       3 |  12.5
        D:2 |      88 |     304 |  77.6 |      19 |       5 |  20.8
        D:3 |      83 |      76 |  47.8 |      20 |       7 |  25.9
        D:4 |     440 |      54 |  10.9 |      18 |       5 |  21.7
        D:5 |     675 |     771 |  53.3 |      15 |      13 |  46.4
        D:6 |     821 |       0 |   0.0 |      13 |       0 |   0.0
        D:7 |    1070 |       0 |   0.0 |      22 |       0 |   0.0
        D:8 |    1287 |       0 |   0.0 |      33 |       0 |   0.0
        D:9 |    4476 |    1690 |  27.4 |      35 |       3 |   7.9
       D:10 |    2302 |    1254 |  35.3 |      16 |      10 |  38.5
       D:11 |    3318 |       0 |   0.0 |       6 |       0 |   0.0
       D:12 |    6068 |   28957 |  82.7 |      19 |     103 |  84.4
       D:13 |    3541 |    9156 |  72.1 |      10 |      16 |  61.5
       D:14 |    9315 |    9862 |  51.4 |      19 |      18 |  48.6
       D:15 |    9775 |    3376 |  25.7 |      19 |       4 |  17.4
     Lair:1 |    8906 |    2069 |  18.9 |      42 |       9 |  17.6
     Lair:2 |    5574 |    2949 |  34.6 |      16 |      14 |  46.7
     Lair:3 |    6067 |     850 |  12.3 |      23 |       1 |   4.2
     Lair:4 |   10714 |     637 |   5.6 |      28 |       1 |   3.4
     Lair:5 |    5002 |   10038 |  66.7 |      16 |      22 |  57.9
   Shoals:1 |   18247 |   13579 |  42.7 |      36 |      21 |  36.8
   Shoals:2 |    2418 |   12853 |  84.2 |       4 |      17 |  81.0
   Shoals:3 |   20734 |       9 |   0.0 |      44 |       3 |   6.4
   Shoals:4 |   11633 |   28885 |  71.3 |      25 |      38 |  60.3
    Snake:1 |   24761 |       0 |   0.0 |      51 |       0 |   0.0
    Snake:2 |   12327 |       0 |   0.0 |      23 |       0 |   0.0
    Snake:3 |   11148 |    2602 |  18.9 |      19 |       2 |   9.5
    Snake:4 |    9604 |   26233 |  73.2 |      18 |      42 |  70.0
      Orc:1 |    4755 |       0 |   0.0 |      41 |       0 |   0.0
      Orc:2 |    5724 |    7175 |  55.6 |      39 |      33 |  45.8
   Vaults:1 |   22241 |   18464 |  45.4 |      34 |      21 |  38.2
   Vaults:2 |   14610 |   23882 |  62.0 |      25 |      31 |  55.4
   Vaults:3 |    8086 |   15418 |  65.6 |      17 |      23 |  57.5
   Vaults:4 |   23753 |   13401 |  36.1 |      31 |      16 |  34.0
   Depths:1 |   31767 |   21596 |  40.5 |      47 |      23 |  32.9
            +---------+---------+-------+---------+---------+-------
